Cogmind - Beta 15 @@@ ROGUE MODE // 2025.07.11 @ 11:57:38 Player: EX-OCT Result: Establishing Free Derelict Territories! Performance ------------- Evolutions (9) 4500 Regions Visited (31) 6200 Robots Destroyed (190) 950 Value Destroyed (11014) 11014 Prototype IDs (70) 1400 Alien Tech Used (0) 0 Bonus (36587) 36587 TOTAL SCORE: 60651 Bonus ------- High Alert Combat Kills 922 Follower Combat Kills 965 Awakened Behemoth Slayer 1000 Entered Garrisons 600 Entered DSFs 1000 Aligned with FarCom 300 Triggered Deep Caves Wall 500 Exposed GOLEM Chamber 500 Acquired ECA 300 Met Warlord at Base 500 MAIN.C Attacked Warlord 500 Met Warlord at Research 2000 Invited to Help at Command 2000 Destroyed MAIN.C Guards 500 Met MAIN.C 5000 Destroyed MAIN.C Shell 5000 Destroyed MAIN.C 10000 Met Warlord at Command 2000 Win 3000 Cogmind --------- Core Integrity 1257/1600 Matter 283/300 Energy 100/100 System Corruption 0% Temperature Cool (0) Movement Flying (15) Location Free Derelict Territories Parts ------- > --- POWER (2) -------- Fusion Compressor > --- PROPULSION (8) --- Impulse Thruster Array Cooled Q-thruster Experimental Q-thruster Experimental Q-thruster Experimental Q-thruster > --- UTILITY (13) ----- Advanced Cooling System Experimental Cooling System Medium Storage Unit Structural Scanner 0b10 Alert Chip Graphene Brace Advanced EM Disruption Field Experimental Hacking Suite Experimental Hacking Suite Improved System Shield Improved System Shield > --- WEAPON (2) ------- Enhanced Quantum Rifle Kinetic Spear > --- INVENTORY (10) --- Light Particle Reactor Micro Antimatter Reactor Myomer Leg Myomer Leg Advanced Weight Redist. System Stasis Canceller CR-A16's Behemoth Slayer Peak State ------------ > --- POWER ------------ Fusion Compressor Light Quantum Reactor > --- PROPULSION ------- Improved Surge Thruster Q-thruster Q-thruster Impulse Thruster Array Experimental Q-thruster Experimental Q-thruster Experimental Q-thruster > --- UTILITY ---------- Advanced Power Amplifier Advanced Cooling System Experimental Cooling System Medium Storage Unit Structural Scanner 0b10 Alert Chip Experimental Transmission Jammer Graphene Brace Advanced EM Disruption Field Experimental Hacking Suite Experimental Hacking Suite Advanced System Shield Advanced System Restoration Module > --- WEAPON ----------- Kinetic Spear CR-A16's Behemoth Slayer > --- INVENTORY -------- Improved Surge Thruster Impulse Thruster Array Cooled Q-thruster Cooled Q-thruster Advanced Weight Redist. System Stasis Canceller Improved Utility Shielding Advanced Point Defense System Enhanced Quantum Rifle [Rating: 184] Favorites ----------- Power Assembled Flux Generator Engine Ion Engine Power Core Micro Fission Core Reactor Assembled Flux Generator Propulsion Assembled Alloy Leg Treads Light Treads Leg Assembled Alloy Leg Hover Unit Improved Gyrokinetic Inverter Flight Unit Improved Cesium-ion Thruster Utility 0b10 Alert Chip Device GOLEM Unit Storage Assembled Biocell Array Processor 0b10 Alert Chip Hackware Experimental Hacking Suite Protection Improved Utility Shielding Weapon Assembled Focal Cannon Energy Gun EM Shotgun Energy Cannon Assembled Focal Cannon Ballistic Gun Assault Rifle Ballistic Cannon Flak Cannon Launcher Mini Grenade Launcher Special Weapon Plasma Cutter Impact Weapon Hammer Slashing Weapon Greatsword Piercing Weapon Kinetic Spear Special Melee Weapon Advanced Datajack Build | -11 -10 -10 -10 -9 -8 -8 -8 -8 -7 -7 -7 -7 -7 -6 -6 -6 -6 -6 -5 -5 -5 -5 -4 -4 -4 -4 -3 -3 -2 -1 -1 ------- Run | Yrd Mat Min Exi Min Mat Gar Mat Sto Fac Low Low Zio Dee Pro Fac Gar Fac DSF Fac Gar Fac DSF Fac Upp Upp War Pro Res Res Acc Com Slots Evolved 18 | . . . . . 4 . . . 2 . . . . . 2 . . . 2 . . . 2 . . . . 2 2 2 . Power 1 | . . . . . . . . . . . . . . . 1 . . . . . . . . . . . . . . . . Propulsion 6 | . . . . . 2 . . . . . . . . . . . . . . . . . . . . . . 2 2 . . Utility 11 | . . . . . 2 . . . 2 . . . . . 1 . . . 2 . . . 2 . . . . . . 2 . Weapon . | . . . . . . . . . . . . . . . . . . . . . . . . . . . . . . . . Parts Attached 246 | 5 9 8 . 3 18 6 6 4 24 1 1 3 3 2 5 2 2 3 6 4 1 18 31 . . 5 2 30 21 8 15 Power 26 | . 1 2 . 1 1 . 1 . 5 . . . 1 . . . . . . . . 1 1 . . . . 4 1 3 4 Engine 9 | . 1 1 . . 1 . 1 . 3 . . . 1 . . . . . . . . . . . . . . 1 . . . Core 7 | . . 1 . 1 . . . . 2 . . . . . . . . . . . . 1 1 . . . . . . . 1 Reactor 10 | . . . . . . . . . . . . . . . . . . . . . . . . . . . . 3 1 3 3 Propulsion 66 | 2 . 2 . 1 7 4 . 2 5 . . . 1 . 3 . . 3 2 1 . 5 8 . . . . 10 5 2 3 Treads 6 | 2 . 2 . 1 1 . . . . . . . . . . . . . . . . . . . . . . . . . . Leg 9 | . . . . . . . . . . . . . . . 3 . . 3 2 1 . . . . . . . . . . . Wheel . | . . . . . . . . . . . . . . . . . . . . . . . . . . . . . . . . Hover 16 | . . . . . 5 . . . . . . . . . . . . . . . . 5 4 . . . . 2 . . . Flight 35 | . . . . . 1 4 . 2 5 . . . 1 . . . . . . . . . 4 . . . . 8 5 2 3 Utility 117 | 1 4 2 . 1 6 1 3 . 10 1 1 1 1 2 2 2 2 . 4 3 1 8 19 . . 4 2 12 15 3 6 Device 49 | 1 1 1 . 1 1 . . . 2 1 . . 1 1 1 1 . . 1 . . 7 11 . . 2 1 2 6 3 4 Storage 10 | . 3 . . . 1 1 1 . 1 . . . . . . . . . 1 . . . 1 . . . . . 1 . . Processor 10 | . . . . . 1 . . . 1 . . . . 1 1 1 . . . . . . 1 . . 1 . 1 2 . . Hackware 26 | . . . . . 1 . . . 6 . 1 . . . . . . . 1 . . . 3 . . . 1 8 3 . 2 Protection 22 | . . 1 . . 2 . 2 . . . . 1 . . . . 2 . 1 3 1 1 3 . . 1 . 1 3 . . Artifact . | . . . . . . . . . . . . . . . . . . . . . . . . . . . . . . . . Weapon 37 | 2 4 2 . . 4 1 2 2 4 . . 2 . . . . . . . . . 4 3 . . 1 . 4 . . 2 Energy Gun 10 | . 4 1 . . 1 . . . . . . . . . . . . . . . . 1 1 . . 1 . . . . 1 Energy Cannon . | . . . . . . . . . . . . . . . . . . . . . . . . . . . . . . . . Ballistic Gun 6 | 2 . . . . . . 1 . 2 . . . . . . . . . . . . 1 . . . . . . . . . Ballistic Cannon 1 | . . . . . 1 . . . . . . . . . . . . . . . . . . . . . . . . . . Launcher 4 | . . . . . 1 . . 1 . . . . . . . . . . . . . 2 . . . . . . . . . Special Weapon 2 | . . . . . . 1 . . . . . 1 . . . . . . . . . . . . . . . . . . . Impact Weapon 3 | . . 1 . . . . 1 1 . . . . . . . . . . . . . . . . . . . . . . . Slashing Weapon 4 | . . . . . 1 . . . 2 . . 1 . . . . . . . . . . . . . . . . . . . Piercing Weapon 6 | . . . . . . . . . . . . . . . . . . . . . . . 2 . . . . 3 . . 1 Special Melee Weapon 1 | . . . . . . . . . . . . . . . . . . . . . . . . . . . . 1 . . . Unidentified Prototypes 21 | . . . . . 3 . . 1 5 . . . . . 1 . . . 1 . . . 2 . . 1 . 1 4 1 1 Corrupted Parts 5 | . . 1 . 3 . . 1 . . . . . . . . . . . . . . . . . . . . . . . . System Corruption 15 | . . 4 . 4 . . 7 . . . . . . . . . . . . . . . . . . . . . . . . Parts Lost 100 | . 3 5 . . 5 7 1 1 1 . . . 4 1 1 2 . 2 1 5 . 19 7 . 3 1 . 11 . 6 14 Power 11 | . . 2 . . . 1 . . . . . . 1 . . . . . . . . 1 . . . . . 3 . 2 1 Propulsion 32 | . . 1 . . 4 2 1 1 . . . . 2 1 . . . . 1 . . 6 . . . . . 4 . 3 6 Utility 43 | . 1 . . . 1 1 . . 1 . . . 1 . 1 2 . 2 . 4 . 7 6 . 3 1 . 4 . 1 7 Weapon 14 | . 2 2 . . . 3 . . . . . . . . . . . . . 1 . 5 1 . . . . . . . . Highest Loss Streak 13 | . 2 2 . . 2 2 1 1 1 . . . 4 1 1 1 . 1 1 2 . 13 2 . 1 1 . 5 . 5 8 To Critical Strikes 1 | . . . . . . . . . . . . . . . . . . . . . . 1 . . . . . . . . . Average Backups 6 | 1 5 11 12 13 12 8 6 8 9 9 10 8 7 4 3 3 3 4 4 3 3 3 4 6 5 5 5 4 7 8 7 Power . | 1 2 1 1 1 1 . . . . 1 1 1 1 1 1 1 1 1 1 1 1 1 . . . . . . . . . Propulsion 1 | . . 2 4 4 2 3 2 1 1 2 2 2 1 . . . . . . 1 1 . 1 1 1 1 1 . . 1 2 Utility 2 | . 1 5 6 7 6 3 3 5 4 4 4 4 3 2 . . . 1 2 . . 1 1 4 3 3 3 3 5 5 3 Weapon 1 | . 1 1 1 1 2 . . 2 1 1 2 1 1 1 2 2 2 1 1 1 1 1 . 1 1 1 1 . . . . Tool/Special . | . . . . . . . . . . . . . . . . . . . . . . . . . . . . . . . . Unused Backups 18 | . 1 . . . 2 . . . 2 . . 1 . . . . . 2 . . . . 1 . . . . 1 2 3 3 Power 1 | . 1 . . . . . . . . . . . . . . . . . . . . . . . . . . . . . . Propulsion 3 | . . . . . 1 . . . . . . . . . . . . . . . . . . . . . . . . . 2 Utility 9 | . . . . . . . . . 1 . . . . . . . . 1 . . . . 1 . . . . 1 2 2 1 Weapon 5 | . . . . . 1 . . . 1 . . 1 . . . . . 1 . . . . . . . . . . . 1 . Tool/Special . | . . . . . . . . . . . . . . . . . . . . . . . . . . . . . . . . Average Slot Usage (%) 85 | . 94 98 85 85 88 73 69 82 86 90 92 97 76 87 83 79 79 84 87 87 87 73 75 73 69 76 79 78 97 99 90 Engine 2 | . 12 6 14 14 5 . 3 9 2 7 7 7 7 7 . . . . . . . 2 1 . . 3 5 1 1 . . Core 1 | . . 7 . . 3 6 . . 4 . . . . . . . . . . . . 1 4 5 5 5 5 . . . 2 Reactor 2 | . . . . . . . . . . . . . . . 5 6 6 6 5 5 5 2 . . . . . 2 6 7 4 Treads 3 | . 28 27 28 28 16 . . . . . . . . . . . . . . . . . . . . . . . . . . Leg 7 | . . . . . . . . . . . . . . 11 18 19 20 24 22 23 23 9 . . . . . . . . . Hover 1 | . . . . . 16 4 . . . . . . . . . . . . . . . 7 3 . . . . 2 . . . Flight 11 | . . . . . . 28 31 31 29 30 30 30 30 17 5 . . . . . . . 7 10 10 10 10 18 32 31 26 Device 13 | . 11 8 14 14 9 1 . . 6 5 7 7 1 10 14 13 18 8 21 13 18 17 25 15 12 10 10 11 12 23 28 Storage 7 | . 12 14 14 14 9 9 9 9 7 7 7 7 5 5 6 6 6 5 10 11 11 8 5 10 10 10 10 2 2 4 4 Processor 5 | . . . . . 5 1 . . 3 7 7 7 . 3 11 13 10 6 5 5 5 5 5 5 5 9 10 9 10 4 4 Hackware 6 | . . . . . . 9 9 9 16 23 23 23 15 8 . . . . . . . . 5 10 10 10 10 18 17 16 12 Protection 6 | . . 5 . . 7 . 7 9 4 . . . 7 7 5 5 3 17 6 14 8 6 8 10 9 10 10 3 3 3 . Energy Gun 2 | . 27 21 . . 1 . . . . . . . . . . . . . . . . . . . . . . . . . . Energy Cannon 4 | . . . . . . . . . . . . . . 8 13 12 12 13 10 10 11 5 . . . . . . . . . Impact Weapon 1 | . . 6 14 14 3 . 7 14 4 . . . . . . . . . . . . . . . . . . . . . . Piercing Weapon 1 | . . . . . . . . . . . . . . . . . . . . . . . 3 5 5 5 5 3 7 8 7 Peak Build Rating 184 | 7 10 17 10 13 39 44 31 35 51 52 52 52 58 97 125 118 125 118 137 125 132 119 113 90 90 106 98 119 166 181 184 Average Rating 88 | 3 9 13 9 10 26 31 28 30 42 51 52 50 44 81 115 111 119 110 124 117 124 91 99 90 87 92 93 96 144 175 171 On Entrance 72 | . 4 9 14 10 13 31 27 27 33 47 52 52 40 54 97 111 118 116 118 125 123 119 70 90 90 84 93 97 119 166 168 Naked Turns . | . . . . . . . . . . . . . . . . . . . . . . . . . . . . . . . . Heaviest Build 107 | 3 52 36 28 28 41 36 18 21 22 20 20 20 25 50 80 82 85 85 100 106 107 107 38 27 27 30 28 34 50 53 53 Greatest Support 128 | 3 40 40 40 40 80 30 24 23 23 20 20 20 28 60 100 96 96 96 128 128 103 103 50 30 30 30 30 38 53 59 57 Greatest Overweight (x) 2 | . 1 . . . 1 1 . 1 . . . . . . 1 1 . 2 1 1 1 1 1 . . . . 2 . 1 . Average Overweight (x) . | . . . . . . . . . . . . . . . . . . . . . . . . . . . . . . . . Largest Inventory Capacity 20 | 5 20 15 15 15 15 15 10 10 10 10 10 10 10 5 5 5 5 5 15 15 15 15 10 10 10 10 10 10 10 10 10 Average Capacity 9 | 5 10 15 15 15 15 10 10 10 10 10 10 10 8 5 5 5 5 5 14 15 15 9 5 10 10 10 10 6 8 10 10 Most Carried 15 | 3 7 15 14 14 15 13 9 10 10 10 10 10 10 5 5 5 5 5 5 5 5 5 6 6 6 5 5 7 10 10 10 Average Carried 6 | 1 5 11 13 14 13 8 6 8 9 9 10 8 7 4 4 4 4 4 4 3 3 3 4 6 5 5 5 4 7 9 8 Final Capacity 15 | 5 15 15 15 15 15 10 10 10 10 10 10 10 5 5 5 5 5 5 15 15 15 5 10 10 10 10 10 5 10 10 10 Final Carried 14 | 3 6 13 14 14 14 5 9 9 9 10 10 8 5 5 5 4 5 4 5 3 5 5 6 6 5 5 5 5 10 8 7 Class Distribution -------------------- 35% | Golem 14% | Mutant 11% | Hacker-Scout 11% | Hacker-Sprinter 6% | Wizard-Scout 6% | Hacker-Mutant 4% | Scavenger-Mutant 3% | Scout Dominant Class ---------------- Mutant | -10/Materials Mutant | -10/Mines Mutant | -10/Exiles Mutant | -9/Mines Mutant | -8/Materials Sprinter | -8/Garrison Sprinter | -8/Materials Commander-Sprinter | -8/Storage Hacker-Sprinter | -7/Factory Hacker-Sprinter | -7/Lower Caves Hacker-Sprinter | -7/Lower Caves Hacker-Sprinter | -7/Zion Hacker-Sprinter | -7/Deep Caves Golem | -6/Proximity Caves Golem | -6/Factory Golem | -6/Garrison Golem | -6/Factory Golem | -6/DSF Golem | -5/Factory Golem | -5/Garrison Golem | -5/Factory Mutant | -5/DSF Scout | -4/Factory Hacker-Mutant | -4/Upper Caves Hacker-Mutant | -4/Upper Caves Hacker-Mutant | -4/Warlord Hacker-Mutant | -3/Proximity Caves Hacker-Scout | -3/Research Hacker-Scout | -2/Research Wizard-Scout | -1/Access Hacker-Scout | -1/Command Resources | -11 -10 -10 -10 -9 -8 -8 -8 -8 -7 -7 -7 -7 -7 -6 -6 -6 -6 -6 -5 -5 -5 -5 -4 -4 -4 -4 -3 -3 -2 -1 -1 ----------- Run | Yrd Mat Min Exi Min Mat Gar Mat Sto Fac Low Low Zio Dee Pro Fac Gar Fac DSF Fac Gar Fac DSF Fac Upp Upp War Pro Res Res Acc Com Matter Collected 4500 | 306 100 191 . . 517 194 74 177 220 69 10 27 12 58 50 50 . 69 56 193 . 162 529 . 7 10 55 438 338 125 463 Remotely . | . . . . . . . . . . . . . . . . . . . . . . . . . . . . . . . . Salvage Created 9088 | 89 580 341 . . 402 18 106 222 305 . . . 12 . 202 1536 . 691 283 1434 . 186 570 . . . . 743 633 249 486 Parts 472 | 6 39 11 . . 33 8 4 4 15 . . . . . 11 84 . 32 13 65 . 24 23 . . . . 30 31 15 24 Haulers Intercepted 5 | . 2 . . . . . . 1 1 . . . . . . . . . . . . . . . . . . . 1 . . Recyclers Shooed 5 | . . . . . 3 . . . . . . . . . . . . . . . . . . . . . . 2 . . . Parts Field Recycled . | . . . . . . . . . . . . . . . . . . . . . . . . . . . . . . . . Retrieved Matter . | . . . . . . . . . . . . . . . . . . . . . . . . . . . . . . . . Parts Self-Destructed 9 | . . . . . . . . . . 8 . . . . . . . . . . . . . . 1 . . . . . . Prevented . | . . . . . . . . . . . . . . . . . . . . . . . . . . . . . . . . Kills | -11 -10 -10 -10 -9 -8 -8 -8 -8 -7 -7 -7 -7 -7 -6 -6 -6 -6 -6 -5 -5 -5 -5 -4 -4 -4 -4 -3 -3 -2 -1 -1 ------- Run | Yrd Mat Min Exi Min Mat Gar Mat Sto Fac Low Low Zio Dee Pro Fac Gar Fac DSF Fac Gar Fac DSF Fac Upp Upp War Pro Res Res Acc Com Combat Hostiles Destroyed 143 | . 10 15 . . 16 3 4 . 1 . . . . . 1 29 . 11 5 27 . 11 1 . . . . 3 3 1 2 Melee 7 | . . 4 . . . . 1 . . . . . . . . . . . . . . . . . . . . 1 . . 1 Guns 20 | . 9 9 . . 2 . . . . . . . . . . . . . . . . . . . . . . . . . . Cannons 79 | . . . . . 5 . . . . . . . . . 1 29 . 11 5 27 . 1 . . . . . . . . . AOE 23 | . 1 . . . 9 3 . . . . . . . . . . . . . . . 10 . . . . . . . . . Classes Destroyed 19 | 2 6 1 . . 1 . 2 . . . . . . . . 2 . 2 . 2 . 1 . . . . . . . . . Worker 10 | . 1 . . . 1 . . 1 2 . . . . . . . . . . . . . 2 . . . . 1 . . 2 Builder 8 | . . . . . 2 . . . 2 . . . . . 1 . . . . . . . 1 . . . . 2 . . . Tunneler 1 | 1 . . . . . . . . . . . . . . . . . . . . . . . . . . . . . . . Hauler 5 | . 2 . . . . . . 1 1 . . . . . . . . . . . . . . . . . . . 1 . . Recycler 14 | 1 . 1 . . 1 . . 2 1 . . . . . 1 . . . . . . . 3 . . . . 2 . . 2 Operator 5 | . 2 . . . 1 . . . 1 . . . . . . . . . . . . . . . . . . . 1 . . Watcher 13 | . 1 . . . 2 . . . 2 . . . . . . . . . . . . . 1 . . . . 2 3 1 1 Swarmer 41 | . 2 4 . . 9 3 2 . . . . . . . . 5 . . . 11 . 5 . . . . . . . . . Cutter 5 | . . . . . . . . . . . . . . . . . . . . . . 4 . . . . . . . . 1 Grunt 41 | . 8 2 . . 7 . . . 1 . . . . . . 7 . 6 3 6 . . 1 . . . . . . . . Brawler 2 | . . . . . . . . . . . . . . . . 1 . 1 . . . . . . . . . . . . . Duelist 1 | . . . . . . . . . . . . . . . . . . . . 1 . . . . . . . . . . . Sentry 12 | . . . . . . . 1 . . . . . . . . 7 . . . 4 . . . . . . . . . . . Specialist 3 | . . . . . . . . . . . . . . . . . . 1 . . . 2 . . . . . . . . . Hunter 9 | . . . . . . . 1 . . . . . . . 1 3 . 2 . 2 . . . . . . . . . . . Programmer 8 | . . . . . . . . . . . . . . . . 6 . . 2 . . . . . . . . . . . . Heavy 1 | . . . . . . . . . . . . . . . . . . 1 . . . . . . . . . . . . . Behemoth 11 | . . . . . . . . . . . . . . . . . . . . 3 . . . . . . . 3 3 1 1 Assembled 9 | . . 9 . . . . . . . . . . . . . . . . . . . . . . . . . . . . . Best Kill Streak 9 | 2 4 5 . . 8 3 2 2 2 . . . . . 3 5 . 4 3 8 . 9 2 . . . . 5 3 1 2 Combat Bots Only 9 | . 4 5 . . 7 3 2 . 1 . . . . . 1 5 . 4 3 8 . 9 1 . . . . 1 1 1 1 Max Kills in Single Turn 4 | 1 1 2 . . 3 3 1 1 1 . . . . . 1 1 . 1 1 1 . 4 1 . . . . 1 1 1 1 Gunslinging 1 | . . 1 . . . . . . . . . . . . . . . . . . . . . . . . . . . . . Exploded 4 | . 1 . . . 3 3 . . . . . . . . . . . . . . . 4 . . . . . . . . . Melee 1 | . . 1 . . . . 1 . . . . . . . . . . . . . . . . . . . . 1 . . 1 Uniques/NPCs Destroyed . | . . . . . . . . . . . . . . . . . . . . . . . . . . . . . . . . Combat | -11 -10 -10 -10 -9 -8 -8 -8 -8 -7 -7 -7 -7 -7 -6 -6 -6 -6 -6 -5 -5 -5 -5 -4 -4 -4 -4 -3 -3 -2 -1 -1 -------- Run | Yrd Mat Min Exi Min Mat Gar Mat Sto Fac Low Low Zio Dee Pro Fac Gar Fac DSF Fac Gar Fac DSF Fac Upp Upp War Pro Res Res Acc Com Hostile Shots Fired 1740 | . 37 80 . . 106 116 36 . 57 1 12 . 54 8 15 208 . 151 107 155 . 211 95 . 20 6 18 140 9 64 34 Missed 633 | . 9 18 . . 41 46 13 . 36 1 9 . 23 4 5 73 . 47 37 42 . 42 52 . 12 3 8 64 7 26 15 Hits 1107 | . 28 62 . . 65 70 23 . 21 . 3 . 31 4 10 135 . 104 70 113 . 169 43 . 8 3 10 76 2 38 19 Melee 11 | . . 2 . . . . . . . . . . 3 . . . . . . 2 . 4 . . . . . . . . . Projectile 1096 | . 28 60 . . 65 70 23 . 21 . 3 . 28 4 10 135 . 104 70 111 . 165 43 . 8 3 10 76 2 38 19 AOE 9 | . . . . . . . . . . . . . . . . . . . . . . . 1 . . 1 . . . . 7 Critical Strikes 39 | . . 3 . . 2 3 1 . . . . . . . . 4 . 9 3 1 . 4 2 . 1 . 1 2 . 1 2 Actively Blocked 8 | . . . . . . . . . . . . . . . . 1 . . . . . . . . 1 . 1 2 . 1 2 Part Disruptions 1 | . . . . . . . . . . . . . . . . 1 . . . . . . . . . . . . . . . Damage Taken 20373 | . 368 767 . . 1020 1201 331 15 185 . 24 . 970 63 223 1567 . 1831 1099 2034 . 3398 973 . 95 110 192 1768 46 847 1246 Core 3837 | . 23 127 . . 54 302 184 . 49 . . . 353 28 65 165 . 157 71 124 . 695 291 . 13 . 64 703 26 105 238 Absorbed by Shields 786 | . . . . . . 86 . . . . . . . . . 524 . . . 44 . . . . . . . 132 . . . Redirected to Shielding 1220 | . . . . . 104 . 17 . 9 . . . 158 . 28 72 . . 85 102 . 17 203 . 34 29 81 38 . 114 129 Ignored by Resistances 868 | . . . . . . . . . . . . . . . . . . 361 227 186 . 94 . . . . . . . . . Regen/Repaired (Parts) 448 | . . . . . . . 67 49 8 . . . . . 68 . . . . . . . 115 . . . . 87 23 31 . Core Remaining (%) 53 | 100 . . . 40 . . . 1 . . . . . 38 . . . 54 . . . 11 . . . . 68 45 98 . 78 Volleys Fired 459 | 14 32 30 . . 68 3 . . . . . . . 1 21 70 . 47 33 102 7 25 3 . . . . . . . 3 Largest 2 | 2 2 2 . . 2 1 . . . . . . . 1 2 2 . 2 2 2 1 2 1 . . . . . . . 1 Hottest 120 | 40 90 120 . . 102 65 . . . . . . . 25 50 50 . 50 50 50 25 80 65 . . . . . . . 65 Shots Fired 734 | 28 64 45 . . 91 3 . . . . . . . 1 27 127 1 84 43 166 7 41 3 . . . . . . . 3 Gun 174 | 28 64 45 . . 23 2 . . . . . . . . . . . . . . . 6 3 . . . . . . . 3 Cannon 543 | . . . . . 60 . . . . . . . . 1 27 127 1 84 43 166 7 27 . . . . . . . . . Launcher 17 | . . . . . 8 1 . . . . . . . . . . . . . . . 8 . . . . . . . . . Special . | . . . . . . . . . . . . . . . . . . . . . . . . . . . . . . . . Kinetic 93 | 28 . . . . 60 . . . . . . . . . . . . . . . . 5 . . . . . . . . . Thermal 529 | . . 17 . . 23 2 . . . . . . . 1 27 127 1 84 43 166 7 28 . . . . . . . . 3 Explosive 17 | . . . . . 8 1 . . . . . . . . . . . . . . . 8 . . . . . . . . . Electromagnetic 95 | . 64 28 . . . . . . . . . . . . . . . . . . . . 3 . . . . . . . . Robot Hit Streak 15 | 5 13 9 . . 11 . . . . . . . . . 4 13 . 10 8 15 . 15 4 . . . . . . . . Robot Miss Streak 10 | 2 5 2 . . 10 1 . . . . . . . . 1 3 . 3 2 2 . 3 . . . . . . . . . Penetration Max . | . . . . . . . . . . . . . . . . . . . . . . . . . . . . . . . . Secondary Targets 1 | . . 1 . . . . . . . . . . . . . . . . . . . . . . . . . . . . . Max Gunslinging Chain 1 | . . 1 . . . . . . . . . . . . . . . . . . . . . . . . . . . . . Capacitor 3 | . . . . . . . . . . . . . . . . . . . . . . . 3 . . . . . . . . Shots Hit Robots 564 | 16 51 42 . . 72 . 14 7 13 . . . 1 . 8 71 . 65 15 99 . 27 14 . . . . 25 10 2 12 Core Hits 299 | 4 30 23 . . 66 3 1 1 4 . . . . . 4 33 . 15 29 40 . 25 5 . . . . 8 3 1 4 Critical Kills 2 | . . 1 . . . . 1 . . . . . . . . . . . . . . . . . . . . . . . . Critical Parts Destroyed 7 | . . 3 . . . . 1 1 2 . . . . . . . . . . . . . . . . . . . . . . Critical Strikes 12 | . . 5 . . . . 2 1 2 . . . . . . . . . . . . . . . . . . 1 1 . . Burn 1 | . . 1 . . . . . . . . . . . . . . . . . . . . . . . . . . . . . Smash 9 | . . 4 . . . . 2 1 2 . . . . . . . . . . . . . . . . . . . . . . Impale 2 | . . . . . . . . . . . . . . . . . . . . . . . . . . . . 1 1 . . Melee Attacks 532 | . . 18 . . 18 16 28 15 98 1 1 1 2 2 . . . . . . . . 66 3 5 . 4 109 50 40 55 Impact 119 | . . 18 . . 2 . 28 15 56 . . . . . . . . . . . . . . . . . . . . . . Slashing 81 | . . . . . 16 16 . . 42 1 1 1 2 2 . . . . . . . . . . . . . . . . . Piercing 327 | . . . . . . . . . . . . . . . . . . . . . . . 66 3 5 . 4 104 50 40 55 Sneak Attacks 43 | . . 1 . . 3 . 1 4 6 . . . . . . . . . . . . . 8 . . . . 10 4 1 5 Combat Hostiles 4 | . . . . . . . 1 . . . . . . . . . . . . . . . . . . . . 2 1 . . Follow-up Attacks 3 | . . . . . . . . 2 . . . . . . . . . . . . . . . . . . . 1 . . . Damage Inflicted 24505 | 164 861 806 . . 1952 175 571 559 1082 . . . 73 . 417 3501 . 3076 937 4610 . 2196 833 . . . . 1110 628 95 859 Guns 1649 | 164 751 495 . . 188 . . . . . . . . . . . . . . . . 10 41 . . . . . . . . Cannons 14150 | . . . . . 865 . . . . . . . . . 397 3501 . 3062 708 4610 . 1007 . . . . . . . . . Explosions 2329 | . 110 . . . 661 175 . . . . . . . . . . . . 212 . . 1171 . . . . . . . . . Melee 6287 | . . 301 . . 238 . 571 559 1082 . . . 73 . . . . . . . . . 792 . . . . 1089 628 95 859 Ramming 90 | . . 10 . . . . . . . . . . . . 20 . . 14 17 . . 8 . . . . . 21 . . . Kinetic 1029 | 164 . . . . 865 . . . . . . . . . . . . . . . . . . . . . . . . . . Thermal 13825 | . 110 232 . . 188 . . . . . . . . . 397 3501 . 3062 708 4610 . 1017 . . . . . . . . . Explosive 2007 | . . . . . 661 175 . . . . . . . . . . . . . . . 1171 . . . . . . . . . Electromagnetic 1267 | . 751 263 . . . . . . . . . . . . . . . . 212 . . . 41 . . . . . . . . Impact 1977 | . . 301 . . . . 571 559 546 . . . . . . . . . . . . . . . . . . . . . . Slashing 847 | . . . . . 238 . . . 536 . . . 73 . . . . . . . . . . . . . . . . . . Piercing 3463 | . . . . . . . . . . . . . . . . . . . . . . . 792 . . . . 1089 628 95 859 Highest Corruption 10 | . . 4 4 8 2 2 10 10 2 2 2 2 . . . 4 4 4 8 8 8 8 . . . . . 7 . 1 2 Average Corruption 4 | . . 4 4 4 2 2 5 10 1 2 2 2 . . . 3 4 4 1 8 8 8 . . . . . 4 . 1 1 Corruption Purged 5 | . . . . . . . . . . . . . . . . . . . . . . . . . . . . . . . 5 Corruption Blocked . | . . . . . . . . . . . . . . . . . . . . . . . . . . . . . . . . Effects 225 | . . 23 11 3 1 3 9 14 7 1 1 1 . . . 17 10 9 3 59 20 9 . . . . . 24 . . . Message Errors 52 | . . 4 3 2 1 . 3 1 2 1 . . . . . 2 1 7 . 11 6 2 . . . . . 6 . . . Matter Fused 60 | . . 8 3 . . 1 2 5 2 . . 1 . . . 3 2 1 1 19 5 . . . . . . 7 . . . Heat Flow Errors 30 | . . 2 2 . . . 2 1 . . . . . . . 7 2 . . 6 3 2 . . . . . 3 . . . Energy Discharges 20 | . . 1 1 . . 1 . 2 1 . . . . . . 2 1 . 2 3 1 3 . . . . . 2 . . . Parts Rejected 3 | . . . . . . 1 . . . . . . . . . . . . . 1 . 1 . . . . . . . . . Parts Fused 1 | . . . . . . . . . . . . . . . . . 1 . . . . . . . . . . . . . . Data Loss (minor) 30 | . . 2 . 1 . . 1 2 2 . 1 . . . . 2 2 . . 10 1 . . . . . . 6 . . . Data Loss (major) 14 | . . 1 2 . . . 1 2 . . . . . . . 1 . . . 6 1 . . . . . . . . . . Misfires 5 | . . 3 . . . . . . . . . . . . . . 1 . . 1 . . . . . . . . . . . Alerts 9 | . . 2 . . . . . 1 . . . . . . . . . 1 . 1 3 1 . . . . . . . . . Weapon Failures 1 | . . . . . . . . . . . . . . . . . . . . 1 . . . . . . . . . . . Overload Shots . | . . . . . . . . . . . . . . . . . . . . . . . . . . . . . . . . Overflow Damage 2382 | . 4 92 . . 65 53 108 164 435 . . . 53 . 15 240 . 96 . 101 . 32 225 . . . . 265 230 . 204 Projectiles 455 | . . . . . 3 . . . . . . . . . 15 240 . 96 . 101 . . . . . . . . . . . Explosions 102 | . 4 . . . 13 53 . . . . . . . . . . . . . . . 32 . . . . . . . . . Melee 1825 | . . 92 . . 49 . 108 164 435 . . . 53 . . . . . . . . . 225 . . . . 265 230 . 204 Knockbacks 49 | . . 3 . . 35 . 4 1 5 . . . . . . . . . 1 . . . . . . . . . . . . Impact 12 | . . 2 . . . . 4 1 4 . . . . . . . . . 1 . . . . . . . . . . . . Kinetic 35 | . . . . . 35 . . . . . . . . . . . . . . . . . . . . . . . . . . Secondary 2 | . . 1 . . . . . . 1 . . . . . . . . . . . . . . . . . . . . . . Self-Inflicted Damage 281 | . 54 . . . 34 46 . . . . . . . . . . . . . . . 137 . . . . . 10 . . . Shots 7 | . 2 . . . 2 1 . . . . . . . . . . . . . . . 2 . . . . . . . . . Rammed 2 | . . 1 . . . . . . . . . . . . . . . . . . . . . . . . . 1 . . . Targets Rammed 10 | . . 1 . . . . . . . . . . . . 1 . . 2 4 . . 1 . . . . . 1 . . . Kicked 8 | . . . . . . . . . . . . . . . 1 . . 2 4 . . 1 . . . . . . . . . Crushed . | . . . . . . . . . . . . . . . . . . . . . . . . . . . . . . . . Highest Temperature 384 | . 202 359 235 . 36 48 198 88 327 . . . 384 16 . 263 218 1 . 269 196 183 113 . . . . 257 286 . 335 Average Temperature 93 | . 54 127 119 . 20 15 82 69 138 . . . 231 9 . 110 116 1 . 86 98 88 68 . . . . 97 63 . 196 Received Heat Transfer 3470 | . 159 81 . . 495 399 36 . 72 . 6 . 188 . . 120 . 597 153 195 . 636 114 . 12 . 27 153 9 . 18 Effects 7 | . . 3 . . . . . . 1 . . . 2 . . . . . . . . . . . . . . . . . 1 Shutdowns 3 | . . 1 . . . . . . . . . . 1 . . . . . . . . . . . . . . . . . 1 Energy Bleed 2 | . . 1 . . . . . . 1 . . . . . . . . . . . . . . . . . . . . . . Interference 1 | . . . . . . . . . . . . . 1 . . . . . . . . . . . . . . . . . . Matter Decay 1 | . . 1 . . . . . . . . . . . . . . . . . . . . . . . . . . . . . Siege Activations . | . . . . . . . . . . . . . . . . . . . . . . . . . . . . . . . . Martial Activations . | . . . . . . . . . . . . . . . . . . . . . . . . . . . . . . . . Shielding Activations . | . . . . . . . . . . . . . . . . . . . . . . . . . . . . . . . . Robots Disrupted 1 | . . . . . . . . . . . . . . . . . . . 1 . . . . . . . . . . . . Combat Hostiles 1 | . . . . . . . . . . . . . . . . . . . 1 . . . . . . . . . . . . Robots Corrupted 12 | . . 2 . . . . 3 2 4 . . . . . . . . . . . . . 1 . . . . . . . . Combat Hostiles 7 | . . 2 . . . . 3 . 1 . . . . . . . . . . . . . 1 . . . . . . . . Parts Fried 14 | . 1 2 . . . . . 3 4 . . . . . . 1 . . . . . . 3 . . . . . . . . Impact Corruptions 28 | . . 4 . . . . 7 6 11 . . . . . . . . . . . . . . . . . . . . . . Robots Melted . | . . . . . . . . . . . . . . . . . . . . . . . . . . . . . . . . Combat Hostiles . | . . . . . . . . . . . . . . . . . . . . . . . . . . . . . . . . Parts Melted 5 | . . . . . . . . . . . . . . . . 2 . . . 3 . . . . . . . . . . . Heat Transferred 8250 | . 100 481 . . 444 . . . . . . . . . 225 1775 . 1700 375 2525 . 625 . . . . . . . . . Parts Sabotaged . | . . . . . . . . . . . . . . . . . . . . . . . . . . . . . . . . Parts Stolen . | . . . . . . . . . . . . . . . . . . . . . . . . . . . . . . . . Parts Stripped . | . . . . . . . . . . . . . . . . . . . . . . . . . . . . . . . . Power Chain Reactions 2 | . 2 . . . . . . . . . . . . . . . . . . . . . . . . . . . . . . Alert | -11 -10 -10 -10 -9 -8 -8 -8 -8 -7 -7 -7 -7 -7 -6 -6 -6 -6 -6 -5 -5 -5 -5 -4 -4 -4 -4 -3 -3 -2 -1 -1 ------- Run | Yrd Mat Min Exi Min Mat Gar Mat Sto Fac Low Low Zio Dee Pro Fac Gar Fac DSF Fac Gar Fac DSF Fac Upp Upp War Pro Res Res Acc Com Maximum Alert Level 4 | . . . . . 1 3 1 1 . . . . . . . 3 2 2 1 4 3 2 2 . . . . 1 2 1 1 Low Security (%) 57 | 100 100 100 . 100 79 . 89 78 100 . . . . . 100 22 . . 87 20 . . 16 . . . . 94 45 . 33 Level 1 23 | . . . . . 20 38 10 21 . . . . . . . 9 7 61 12 23 . 76 75 . . . . 5 32 100 66 Level 2 11 | . . . . . . 44 . . . . . . . . . 17 92 38 . 16 90 23 7 . . . . . 21 . . Level 3 6 | . . . . . . 17 . . . . . . . . . 51 . . . 19 9 . . . . . . . . . . Level 4 1 | . . . . . . . . . . . . . . . . . . . . 19 . . . . . . . . . . . Level 5 . | . . . . . . . . . . . . . . . . . . . . . . . . . . . . . . . . High Security . | . . . . . . . . . . . . . . . . . . . . . . . . . . . . . . . . Max Security . | . . . . . . . . . . . . . . . . . . . . . . . . . . . . . . . . Sterilizations 2 | . . . . . . . . . . . . . . . . . . 1 . . . 1 . . . . . . . . . Peak Influence 1414 | 5 141 64 . . 383 809 393 238 121 . . . . . 27 1066 554 556 291 1414 721 588 467 . . . . 336 435 343 369 Initial 721 | . 3 9 . . . 235 393 27 102 . . . . . . 2 554 272 291 103 721 322 292 . . . . 20 92 255 189 Average 236 | . 57 7 . . 105 499 97 74 32 . . . . . 3 612 473 401 94 622 580 338 274 . . . . 78 246 256 223 Influence Increases 10398 | 10 361 151 . . 718 664 154 440 591 . . . . 60 89 1134 5 304 264 1401 18 426 845 . 108 12 60 1094 768 310 411 Destroy 0b10 Robot/C 2792 | . 200 120 . . 320 60 80 180 120 . . . . . 16 512 . 176 80 576 . 176 16 . . . . 64 48 16 32 Destroy 0b10 Robot/NC 267 | 10 30 5 . . 35 . . 25 50 . . . . . 8 4 . . . . . . 28 . . . . 28 20 4 20 Destroy Leader 464 | . 56 20 . . 54 10 30 44 16 . . . . . 8 24 . 32 16 40 . 24 10 . . . . 28 32 10 10 Allied During Kill 317 | . . . . . . . . 143 41 . . . . . . 63 . . . 65 . . . . . . . 5 . . . Successful Hack 425 | . 9 6 . . 49 12 7 29 60 . . . . . 39 6 4 . . 18 4 . 97 . . . . 51 . 22 12 Select Force Hacks 46 | . 30 . . . . . . . . . . . . . . . . . . . . . 16 . . . . . . . . Disable Machine 282 | . 15 . . . 30 15 15 15 . . . . . . . 48 . . 72 12 . 12 24 . . . . 12 . 12 . Anti-Garrison Action 1370 | . . . . . . 250 . . . . . . . . . 400 . . . 360 . . . . . . . . 320 . 40 Destroy Structure 1552 | . 6 . . . 65 62 7 4 79 . . . . . 18 77 1 12 60 318 14 154 102 . . . . 162 96 102 213 Partial Spotted 288 | . . . . . 30 15 . . 75 . . . . . . . . . . 12 . . 36 . . . . 72 36 12 . Lose Combat Pursuer 2595 | . 15 . . . 135 240 15 . 150 . . . . 60 . . . 84 36 . . 60 516 . 108 12 60 672 216 132 84 Influence Decreases 10336 | 5 340 137 40 . 355 218 896 282 767 49 . . . 60 86 81 672 137 672 175 931 329 1256 96 131 28 42 959 507 439 646 Entered New Map 3242 | . 2 17 40 . . 128 416 40 123 19 . . . . . 1 502 117 265 45 653 139 266 56 11 28 12 10 73 171 108 Time Decay 4755 | 5 308 120 . . 282 . 170 152 454 30 . . . 60 86 . 170 . 397 . 278 . 550 40 90 . 30 503 434 198 398 Search Patrol Dispatched 150 | . . . . . . . . . . . . . . . . . . . . . . . 150 . . . . . . . . Lost Part 843 | . 30 . . . 50 70 10 10 10 . . . . . . 20 . 20 10 50 . 190 70 . 30 . . 73 . 60 140 Lost Ally 583 | . . . . . 23 20 . 80 180 . . . . . . 60 . . . 80 . . 70 . . . . 60 . 10 . Purge Threat 763 | . . . . . . . 300 . . . . . . . . . . . . . . . 150 . . . . 313 . . . Squads Dispatched 98 | . 4 . . . 5 . 2 1 14 . . . . . 1 . . 1 6 . 1 3 16 . . . . 20 6 8 10 Investigation 35 | . 3 . . . 3 . 1 . 9 . . . . . . . . . . . 1 . 6 . . . . 5 6 1 . Extermination 28 | . . . . . . . . . 4 . . . . . 1 . . . 2 . . . 7 . . . . 6 . 3 5 Reinforcement 32 | . 1 . . . 1 . 1 1 1 . . . . . . . . 1 2 . . 3 3 . . . . 9 . 4 5 Assault 2 | . . . . . . . . . . . . . . . . . . . 2 . . . . . . . . . . . . Garrison 1 | . . . . . 1 . . . . . . . . . . . . . . . . . . . . . . . . . . Intercept . | . . . . . . . . . . . . . . . . . . . . . . . . . . . . . . . . Searches Triggered 1 | . . . . . . . . . . . . . . . . . . . . . . . 1 . . . . . . . . Construction Impeded 1 | . . . . . . . . . . . . . . . . . . . . . . . . . . . . 1 . . . Haulers Reinforced 4 | . . . . . . . . . 1 . . . . . . . . . 1 . . . . . . . . . . 2 . Active Scanning Responses . | . . . . . . . . . . . . . . . . . . . . . . . . . . . . . . . . Cargo Convoy Interrupts 1 | . . . . . . . . . . . . . . . . . . . 1 . . . . . . . . . . . . Stealth | -11 -10 -10 -10 -9 -8 -8 -8 -8 -7 -7 -7 -7 -7 -6 -6 -6 -6 -6 -5 -5 -5 -5 -4 -4 -4 -4 -3 -3 -2 -1 -1 --------- Run | Yrd Mat Min Exi Min Mat Gar Mat Sto Fac Low Low Zio Dee Pro Fac Gar Fac DSF Fac Gar Fac DSF Fac Upp Upp War Pro Res Res Acc Com Distress Signals 39 | . . . . . 3 . . 1 3 . . . . . 1 . . . . 1 . . 5 . . . . 4 7 5 9 Communications Jammed 20 | . . . . . . . . . . . . . . . . . . . 13 . . 7 . . . . . . . . . Distress Signals 13 | . . . . . . . . . . . . . . . . . . . 13 . . . . . . . . . . . . Times Spotted 570 | . 18 18 . . 44 31 7 6 27 1 4 . 56 4 3 34 . 17 26 29 . 17 49 . 8 11 8 64 31 21 36 Peak Tracking Total 46 | . 3 5 . . 8 12 2 3 4 3 4 . 46 4 2 5 . 7 10 7 . 9 9 . 5 17 5 11 11 9 8 Tactical Retreats 96 | . 1 . . . 6 8 1 . 7 . . . 2 1 . . . 6 1 . . 4 24 . 3 1 2 17 4 4 4 Traps | -11 -10 -10 -10 -9 -8 -8 -8 -8 -7 -7 -7 -7 -7 -6 -6 -6 -6 -6 -5 -5 -5 -5 -4 -4 -4 -4 -3 -3 -2 -1 -1 ------- Run | Yrd Mat Min Exi Min Mat Gar Mat Sto Fac Low Low Zio Dee Pro Fac Gar Fac DSF Fac Gar Fac DSF Fac Upp Upp War Pro Res Res Acc Com Traps Triggered 38 | . 2 . . . 2 6 . 3 3 . . . . . 1 2 . . 2 6 . 1 1 . . . . 7 . . 2 Indirectly . | . . . . . . . . . . . . . . . . . . . . . . . . . . . . . . . . Trap Hack Attempts . | . . . . . . . . . . . . . . . . . . . . . . . . . . . . . . . . Triggered . | . . . . . . . . . . . . . . . . . . . . . . . . . . . . . . . . Disarmed . | . . . . . . . . . . . . . . . . . . . . . . . . . . . . . . . . Reprogrammed . | . . . . . . . . . . . . . . . . . . . . . . . . . . . . . . . . Reused . | . . . . . . . . . . . . . . . . . . . . . . . . . . . . . . . . Traps Extracted . | . . . . . . . . . . . . . . . . . . . . . . . . . . . . . . . . Installed . | . . . . . . . . . . . . . . . . . . . . . . . . . . . . . . . . Triggered . | . . . . . . . . . . . . . . . . . . . . . . . . . . . . . . . . Machines | -11 -10 -10 -10 -9 -8 -8 -8 -8 -7 -7 -7 -7 -7 -6 -6 -6 -6 -6 -5 -5 -5 -5 -4 -4 -4 -4 -3 -3 -2 -1 -1 ---------- Run | Yrd Mat Min Exi Min Mat Gar Mat Sto Fac Low Low Zio Dee Pro Fac Gar Fac DSF Fac Gar Fac DSF Fac Upp Upp War Pro Res Res Acc Com Machines Disabled 55 | . 1 1 . . 2 6 1 1 . . . 3 1 1 . 14 . . 6 10 . 1 2 . 1 . . 1 . 1 2 Max in Single Turn 3 | . 1 1 . . 1 1 1 1 . . . 1 1 1 . 2 . . 3 2 . 1 1 . 1 . . 1 . 1 2 Garrison Access 12 | . . . . . . . . . 4 . . . . . . . . . 1 . . . . . . . . 3 4 . . Garrison Relay 16 | . . . . . . 4 . . . . . . . . . 7 . . . 5 . . . . . . . . . . . Phase Generator 4 | . . . . . . 1 . . . . . . . . . 1 . . . 1 . . . . . . . . . . 1 Machines Repaired . | . . . . . . . . . . . . . . . . . . . . . . . . . . . . . . . . Machines Dismantled 3 | . . . . . . . . . . . . 3 . . . . . . . . . . . . . . . . . . . Machines Sabotaged . | . . . . . . . . . . . . . . . . . . . . . . . . . . . . . . . . Overloaded Fab Kills . | . . . . . . . . . . . . . . . . . . . . . . . . . . . . . . . . Hacking | -11 -10 -10 -10 -9 -8 -8 -8 -8 -7 -7 -7 -7 -7 -6 -6 -6 -6 -6 -5 -5 -5 -5 -4 -4 -4 -4 -3 -3 -2 -1 -1 --------- Run | Yrd Mat Min Exi Min Mat Gar Mat Sto Fac Low Low Zio Dee Pro Fac Gar Fac DSF Fac Gar Fac DSF Fac Upp Upp War Pro Res Res Acc Com Machines Accessed 154 | . 6 2 2 . 11 2 2 5 32 1 . . . . 5 2 1 . 5 3 2 . 22 . . 5 . 22 9 11 4 Terminals 94 | . 5 1 . . 9 2 1 4 20 . . . . . 3 2 1 . 3 3 1 . 13 . . . . 12 2 8 4 Fabricators 20 | . . . . . . . . . 6 . . . . . . . . . 1 . 1 . 5 . . . . 4 1 2 . Repair Stations 10 | . . . . . . . 1 1 1 . . . . . 1 . . . . . . . 2 . . . . 2 2 . . Recycling Units 1 | . 1 . . . . . . . . . . . . . . . . . . . . . . . . . . . . . . Scanalyzers 6 | . . . . . 1 . . . 1 . . . . . . . . . . . . . 2 . . . . 1 . 1 . Garrison Access 14 | . . . . . 1 . . . 4 . . . . . 1 . . . 1 . . . . . . . . 3 4 . . Total Hacks 456 | . 22 3 24 . 39 3 10 11 86 1 . . . . 8 3 1 . 8 7 3 . 59 . . 14 . 91 23 32 8 Successful 290 | . 10 2 24 . 25 1 7 8 58 1 . . . . 6 1 1 . 5 2 3 . 37 . . 14 . 57 10 15 3 Failed 164 | . 12 1 . . 14 2 3 3 27 . . . . . 2 2 . . 3 5 . . 22 . . . . 33 13 17 5 Catastrophic 21 | . . 1 . . 1 1 . . 2 . . . . . . 1 . . 1 2 . . 2 . . . . 6 3 1 . Database Lockouts 2 | . . . . . . . . . 1 . . . . . . . . . . . . . . . . . . 1 . . . Manual 254 | . 22 2 1 . 28 . 6 7 56 . . . . 1 3 . . . 2 1 1 . 39 . . . . 46 13 17 9 Terminals 276 | . 21 2 . . 32 3 7 9 59 . . . . . 5 3 1 . 4 7 1 . 35 . . . . 51 6 22 8 Fabricators 76 | . . . . . . . . . 20 . . . . . . . . . 2 . 2 . 12 . . . . 30 4 6 . Repair Stations 20 | . . . . . . . 3 2 1 . . . . . 2 . . . . . . . 6 . . . . 3 3 . . Recycling Units 1 | . 1 . . . . . . . . . . . . . . . . . . . . . . . . . . . . . . Scanalyzers 20 | . . . . . 4 . . . 2 . . . . . . . . . . . . . 6 . . . . 4 . 4 . Garrison Access 23 | . . . . . 3 . . . 4 . . . . . 1 . . . 2 . . . . . . . . 3 10 . . Terminal Hacks 109 | . 1 2 24 . 8 1 3 5 13 1 . . . . 1 1 1 . 2 2 1 . 5 . . 14 . 14 1 8 1 Record 35 | . . . 23 . . . . . 2 . . . . . . . . . . . . . . . . 8 . 2 . . . Part Schematic 3 | . . . . . 1 . . 1 1 . . . . . . . . . . . . . . . . . . . . . . Robot Analysis 6 | . . . . . 3 . 1 . 2 . . . . . . . . . . . . . . . . . . . . . . Prototype ID Bank 7 | . . . . . . . . . 1 . . . . . . . . . . . . . . . . 4 . 2 . . . Open Door 11 | . . 1 . . . . . 1 . 1 . . . . . 1 . . . 1 . . . . . 2 . . . 3 1 Open DSF 3 | . . . . . . . . . . . . . . . . . 1 . 1 . 1 . . . . . . . . . . Level Access Points 2 | . . . . . . . . 1 . . . . . . . . . . . . . . . . . . . 1 . . . Branch Access Points 4 | . . . . . . . . 1 1 . . . . . 1 . . . . . . . 1 . . . . . . . . Emergency Access Points 1 | . . . . . . 1 . . . . . . . . . . . . . . . . . . . . . . . . . Machine Index 2 | . . . . . . . . . . . . . . . . . . . . . . . 1 . . . . 1 . . . Terminal Index 5 | . 1 . . . 1 . . . 1 . . . . . . . . . . . . . 1 . . . . . . 1 . Fabricator Index 2 | . . . . . . . . . . . . . . . . . . . . . . . . . . . . . 1 1 . Repair Station Index 1 | . . . . . . . . . . . . . . . . . . . . . . . . . . . . . . 1 . Unreport Threat 6 | . . . . . . . 2 . . . . . . . . . . . . . . . 1 . . . . 3 . . . Locate Traps 1 | . . . . . 1 . . . . . . . . . . . . . . . . . . . . . . . . . . Recall Extermination 2 | . . . . . . . . . . . . . . . . . . . . . . . . . . . . 2 . . . Registered Components 1 | . . . . . . . . . . . . . . . . . . . . . . . . . . . . . . 1 . Registered Prototypes 2 | . . . . . . . . . 1 . . . . . . . . . . . . . . . . . . 1 . . . Zone Layout 13 | . . 1 . . 2 . . 1 4 . . . . . . . . . 1 . . . 1 . . . . 2 . 1 . Patrol Navigation 1 | . . . . . . . . . . . . . . . . . . . . 1 . . . . . . . . . . . Proto ID Catalog 1 | . . . 1 . . . . . . . . . . . . . . . . . . . . . . . . . . . . Fabricator Hacks 39 | . . . . . . . . . 12 . . . . . . . . . 2 . 1 . 6 . . . . 15 2 1 . Network Status 2 | . . . . . . . . . 1 . . . . . . . . . . . . . 1 . . . . . . . . Load Schematic 24 | . . . . . . . . . 7 . . . . . . . . . 1 . 1 . 4 . . . . 9 1 1 . Build 13 | . . . . . . . . . 4 . . . . . . . . . 1 . . . 1 . . . . 6 1 . . Repair Station Hacks 12 | . . . . . . . 2 2 . . . . . . 2 . . . . . . . 4 . . . . 2 . . . Scan Component 6 | . . . . . . . 1 1 . . . . . . 1 . . . . . . . 2 . . . . 1 . . . Repair 6 | . . . . . . . 1 1 . . . . . . 1 . . . . . . . 2 . . . . 1 . . . Recycling Unit Hacks . | . . . . . . . . . . . . . . . . . . . . . . . . . . . . . . . . Scanalyzer 16 | . . . . . 4 . . . 2 . . . . . . . . . . . . . 5 . . . . 4 . 1 . Insert Component 8 | . . . . . 2 . . . 1 . . . . . . . . . . . . . 3 . . . . 1 . 1 . Analyze 8 | . . . . . 2 . . . 1 . . . . . . . . . . . . . 2 . . . . 3 . . . Garrison Access Hacks 12 | . . . . . 1 . . . 4 . . . . . 1 . . . 1 . . . . . . . . 3 2 . . Unlock Access 3 | . . . . . 1 . . . . . . . . . 1 . . . 1 . . . . . . . . . . . . Seal Access 9 | . . . . . . . . . 4 . . . . . . . . . . . . . . . . . . 3 2 . . Unauthorized Hacks 102 | . 9 . . . 12 . 2 1 27 . . . . . 2 . . . . . 1 . 17 . . . . 19 5 5 2 Terminals 76 | . 8 . . . 11 . 2 1 22 . . . . . 2 . . . . . . . 12 . . . . 12 . 4 2 Assimilate 5 | . . . . . 1 . . . 2 . . . . . . . . . . . . . 1 . . . . . . 1 . Botnet 38 | . 3 . . . 5 . 1 . 10 . . . . . 2 . . . . . . . 5 . . . . 7 . 3 2 Disrupt 1 | . . . . . . . . . . . . . . . . . . . . . . . 1 . . . . . . . . Skim 32 | . 5 . . . 5 . 1 1 10 . . . . . . . . . . . . . 5 . . . . 5 . . . Fabricators 18 | . . . . . . . . . 4 . . . . . . . . . . . 1 . 5 . . . . 6 1 1 . Prioritize 4 | . . . . . . . . . . . . . . . . . . . . . . . . . . . . 3 1 . . Liberate 1 | . . . . . . . . . . . . . . . . . . . . . . . 1 . . . . . . . . Download 1 | . . . . . . . . . . . . . . . . . . . . . . . 1 . . . . . . . . Recompile 12 | . . . . . . . . . 4 . . . . . . . . . . . 1 . 3 . . . . 3 . 1 . Repair Stations 4 | . . . . . . . . . 1 . . . . . . . . . . . . . . . . . . 1 2 . . Patch 4 | . . . . . . . . . 1 . . . . . . . . . . . . . . . . . . 1 2 . . Recycling Units 1 | . 1 . . . . . . . . . . . . . . . . . . . . . . . . . . . . . . Tunnel 1 | . 1 . . . . . . . . . . . . . . . . . . . . . . . . . . . . . . Scanalyzers . | . . . . . . . . . . . . . . . . . . . . . . . . . . . . . . . . Garrison Access 3 | . . . . . 1 . . . . . . . . . . . . . . . . . . . . . . . 2 . . Reprogram 1 | . . . . . 1 . . . . . . . . . . . . . . . . . . . . . . . . . . Jam 2 | . . . . . . . . . . . . . . . . . . . . . . . . . . . . . 2 . . Data Cores Recovered 1 | . 1 . . . . . . . . . . . . . . . . . . . . . . . . . . . . . . Used . | . . . . . . . . . . . . . . . . . . . . . . . . . . . . . . . . Hacking Detections 108 | . 5 1 . . 10 2 2 3 24 . . . . . 4 1 . . 3 3 . . 19 . . . . 15 5 8 3 Full Trace Events 10 | . . . . . 1 . 1 . 3 . . . . . . . . . . 1 . . 2 . . . . 1 1 . . Feedback Events 2 | . . . . . . . 1 . 1 . . . . . . . . . . . . . . . . . . . . . . Corruption 2 | . . . . . . . 1 . 1 . . . . . . . . . . . . . . . . . . . . . . Feedback Blocked . | . . . . . . . . . . . . . . . . . . . . . . . . . . . . . . . . Robot Schematics Acquired 4 | . . . . . . . . . . . . 4 . . . . . . . . . . . . . . . . . . . Robots Built 3 | . . . . . . . . . . . . . . . . . . . . . . . . . . . . 3 . . . Authchips . | . . . . . . . . . . . . . . . . . . . . . . . . . . . . . . . . Time 55 | . . . . . . . . . . . . . . . . . . . . . . . . . . . . 55 . . . Total Robot Build Rating 27 | . . . . . . . . . . . . . . . . . . . . . . . . . . . . 27 . . . Part Schematics Acquired 23 | . . . . . 3 . . 1 2 . . 13 . . . . . . . . . . 3 . . . . 1 . . . Parts Built 18 | . . . . . . . . . 5 . . . . . . . . . 2 . . . 2 . . . . 8 1 . . Authchips 12 | . . . . . . . . . 4 . . . . . . . . . 1 . . . 1 . . . . 5 1 . . Time 522 | . . . . . . . . . 148 . . . . . . . . . 36 . . . 36 . . . . 247 55 . . Total Part Build Rating 80 | . . . . . . . . . 17 . . . . . . . . . 6 . . . 6 . . . . 42 9 . . Parts Repaired 6 | . . . . . . . 1 1 . . . . . . 1 . . . . . . . 2 . . . . 1 . . . Time 193 | . . . . . . . 32 70 . . . . . . 19 . . . . . . . 47 . . . . 25 . . . Parts Recycled . | . . . . . . . . . . . . . . . . . . . . . . . . . . . . . . . . Recycled Matter . | . . . . . . . . . . . . . . . . . . . . . . . . . . . . . . . . Retrieved Matter . | . . . . . . . . . . . . . . . . . . . . . . . . . . . . . . . . Retrieved Components . | . . . . . . . . . . . . . . . . . . . . . . . . . . . . . . . . Parts Scanalyzed 7 | . . . . . 2 . . . 1 . . . . . . . . . . . . . 2 . . . . 1 . 1 . Part Schematics Acquired 6 | . . . . . 2 . . . 1 . . . . . . . . . . . . . 2 . . . . 1 . . . Parts Damaged 1 | . . . . . . . . . . . . . . . . . . . . . . . . . . . . . . 1 . Bothacking | -11 -10 -10 -10 -9 -8 -8 -8 -8 -7 -7 -7 -7 -7 -6 -6 -6 -6 -6 -5 -5 -5 -5 -4 -4 -4 -4 -3 -3 -2 -1 -1 ------------ Run | Yrd Mat Min Exi Min Mat Gar Mat Sto Fac Low Low Zio Dee Pro Fac Gar Fac DSF Fac Gar Fac DSF Fac Upp Upp War Pro Res Res Acc Com Used RIF Installer . | . . . . . . . . . . . . . . . . . . . . . . . . . . . . . . . . Robots Hacked . | . . . . . . . . . . . . . . . . . . . . . . . . . . . . . . . . Non-combat . | . . . . . . . . . . . . . . . . . . . . . . . . . . . . . . . . Combat . | . . . . . . . . . . . . . . . . . . . . . . . . . . . . . . . . Robot Hacks Applied . | . . . . . . . . . . . . . . . . . . . . . . . . . . . . . . . . Relay Couplers Released 62 | . . . . . . 15 . . . . . . . . . 27 . . 3 17 . . . . . . . . . . . Machine Destruction 62 | . . . . . . 15 . . . . . . . . . 27 . . 3 17 . . . . . . . . . . . Fabnet Peak Effective % . | . . . . . . . . . . . . . . . . . . . . . . . . . . . . . . . . Robots Rewired 10 | . . . . . . . . . 2 . . . . . . 3 . . . 5 . . . . . . . . . . . Allies Hacked 1 | . . . . . . . . . . . . . . . . . . . . . . . 1 . . . . . . . . Hacks Repelled . | . . . . . . . . . . . . . . . . . . . . . . . . . . . . . . . . Allies | -11 -10 -10 -10 -9 -8 -8 -8 -8 -7 -7 -7 -7 -7 -6 -6 -6 -6 -6 -5 -5 -5 -5 -4 -4 -4 -4 -3 -3 -2 -1 -1 -------- Run | Yrd Mat Min Exi Min Mat Gar Mat Sto Fac Low Low Zio Dee Pro Fac Gar Fac DSF Fac Gar Fac DSF Fac Upp Upp War Pro Res Res Acc Com Total Allies 36 | . . . . . 3 . . 10 4 . . 3 . . . 3 . . . 5 . . 4 . . . . 3 . 1 . Largest Group 10 | . . . . . 2 1 . 10 8 . . 3 3 . . 3 . . . 3 . . 3 . . . . 3 . 1 . Highest-Rated Group 201 | . . . . . 32 16 . 173 154 . . 101 101 . . 118 . . . 201 . . 141 . . . . 177 . 45 . Highest-Rated Ally 116 | . . . . . 16 16 . 29 32 . . 39 39 . . 51 . . . 116 . . 47 . . . . 59 . 45 . Initial Warlord ECA Mod 612 | . . . . . . . 7 7 6 6 6 6 6 5 5 5 17 17 26 26 36 36 45 45 45 45 44 44 43 42 42 Total Orders . | . . . . . . . . . . . . . . . . . . . . . . . . . . . . . . . . Ally Attacks 242 | . . . . . 11 8 . 97 46 . . . 4 . . 28 . . . 33 . . 6 . . . . 9 . . . Total Damage 5295 | . . . . . 95 . . 1085 718 . . . 40 . . 812 . . . 1857 . . 78 . . . . 610 . . . Kills 30 | . . . . . . . . 10 6 . . . . . . 4 . . . 9 . . . . . . . 1 . . . Allies Corrupted . | . . . . . . . . . . . . . . . . . . . . . . . . . . . . . . . . Allies Melted 2 | . . . . . . . . . . . . . . . . . . . . . . . . . . . . . 2 . . Intel | -11 -10 -10 -10 -9 -8 -8 -8 -8 -7 -7 -7 -7 -7 -6 -6 -6 -6 -6 -5 -5 -5 -5 -4 -4 -4 -4 -3 -3 -2 -1 -1 ------- Run | Yrd Mat Min Exi Min Mat Gar Mat Sto Fac Low Low Zio Dee Pro Fac Gar Fac DSF Fac Gar Fac DSF Fac Upp Upp War Pro Res Res Acc Com Active Infowar (turns) 12108 | 1 732 . . . 605 43 . . . . . . . 289 745 1335 210 . 1182 1550 379 151 1182 94 158 . 2 1158 1024 419 849 Optics 1994 | . . . . . . . . . . . . . . . . 1231 210 . . . . . . . . . . . 553 . . Sensors 1 | . . . . . . . . . . . . . . . . . . . . . . . 1 . . . . . . . . Terrain 1140 | 1 . . . . . . . . . . . . . 289 745 105 . . . . . . . . . . . . . . . Structural 5613 | . 732 . . . . . . . . . . . . . . . . . . . . . 1182 94 158 . . 1158 1021 419 849 Seismic 17 | . . . . . . . . . . . . . . . . . . . . . . 17 . . . . . . . . . Machine Analysis 648 | . . . . . 605 43 . . . . . . . . . . . . . . . . . . . . . . . . . Cloaking 38 | . . . . . . . . . . . . . . . . . . . . . . 38 . . . . . . . . . Jamming 3229 | . . . . . . . . . . . . . . . . . . . 1182 1550 379 113 3 . . . 2 . . . . Robot Analysis Total 6 | . . . . . 3 . 1 . 2 . . . . . . . . . . . . . . . . . . . . . . Derelict Logs Recovered 7 | . . 1 . . . . . . . 2 1 1 . . . . . . . . . . . . 2 . . . . . . Drone Launches 8 | . . . . . . 8 . . . . . . . . . . . . . . . . . . . . . . . . . Drone Recoveries . | . . . . . . . . . . . . . . . . . . . . . . . . . . . . . . . . Exploration | -11 -10 -10 -10 -9 -8 -8 -8 -8 -7 -7 -7 -7 -7 -6 -6 -6 -6 -6 -5 -5 -5 -5 -4 -4 -4 -4 -3 -3 -2 -1 -1 ------------- Run | Yrd Mat Min Exi Min Mat Gar Mat Sto Fac Low Low Zio Dee Pro Fac Gar Fac DSF Fac Gar Fac DSF Fac Upp Upp War Pro Res Res Acc Com Turns Passed 21349 | 78 889 1043 344 58 971 344 347 380 1632 207 121 419 139 646 922 1335 345 579 1622 1664 611 228 1583 94 192 325 116 1643 1063 419 990 Spaces Moved 27314 | 57 405 551 215 34 756 473 223 323 3683 587 357 903 517 229 486 687 53 184 844 638 221 172 2694 232 483 838 228 3593 3664 1184 1800 Core 79 | 57 5 . . . . . . . . . . . . . . . . . . . . 17 . . . . . . . . . Treads 1373 | . 400 551 215 34 173 . . . . . . . . . . . . . . . . . . . . . . . . . . Legs 3317 | . . . . . . . . . . . . . . 176 486 687 53 184 844 638 221 28 . . . . . . . . . Wheels . | . . . . . . . . . . . . . . . . . . . . . . . . . . . . . . . . Hover 1284 | . . . . . 583 62 . . . . . . . . . . . . . . . 127 499 . . . . 13 . . . Flight 21261 | . . . . . . 411 223 323 3683 587 357 903 517 53 . . . . . . . . 2195 232 483 838 228 3580 3664 1184 1800 Fastest Speed 7 | 50 50 160 160 160 59 23 26 26 26 26 26 26 14 17 135 136 136 135 135 135 135 32 37 37 37 37 37 15 7 10 12 Average Speed 46 | 50 169 160 160 160 84 34 28 27 26 26 26 26 23 122 146 144 136 150 139 161 141 66 40 37 37 37 37 21 10 10 13 Slowest Speed 245 | 50 240 160 160 160 245 147 29 97 26 26 26 26 26 150 180 180 136 210 186 186 185 185 120 37 37 37 37 150 17 90 15 Overloaded Moves 165 | . . . . . . 15 . . . . . . 104 22 . . . . . . . . . . . . . . 23 1 . Propulsion Burnouts 1 | . . . . . . . . . . . . . . 1 . . . . . . . . . . . . . . . . . Robots Hopped 119 | . . . . . . 8 5 3 20 . . . 4 . . . . . . . . . 12 . 1 1 . 12 23 9 21 Potential Cave-ins . | . . . . . . . . . . . . . . . . . . . . . . . . . . . . . . . . Cave-ins Triggered . | . . . . . . . . . . . . . . . . . . . . . . . . . . . . . . . . Exploration Rate (%) 58 | 4 71 95 61 11 72 88 11 48 83 75 67 83 71 47 13 86 1 89 22 82 7 97 72 56 69 94 55 79 86 31 55 Regions Visited 31 Branch Regions 14 Pre-discovered Areas 9 | . 1 . 1 . . . . . 3 1 . 1 . . . . . . . . . . . . 2 . . . . . . Known Exits Taken 13 | . 1 . . . 1 . . 1 1 . . . . 1 1 . 1 . 1 . 1 . 1 . . . 1 1 1 . . Unknown Exits Taken 13 | 1 . 1 1 1 . . 1 . . 1 1 1 1 . . . . . . . . . . 1 1 1 . . . 1 . Scrap Searched 19 | . . 1 . . . . . . . 1 7 3 . 2 . . . . . . . . . 2 1 . 2 . . . . Spaces Dug 394 | . . . . . 10 1 7 4 79 1 1 . . 2 17 . . . 19 5 7 14 52 3 4 . 4 72 32 34 26 Terrain Destroyed 852 | . 5 . . . 66 11 7 4 79 1 1 . . 2 18 105 1 13 36 105 7 107 52 3 4 . 4 72 32 34 83 Melee 332 | . . . . . 10 1 7 4 79 1 1 . . 2 . . . . . . . . 52 3 4 . 4 72 32 34 26 Projectile 128 | . . . . . . . . . . . . . . . 18 30 1 13 25 31 7 3 . . . . . . . . . AOE 392 | . 5 . . . 56 10 . . . . . . . . . 75 . . 11 74 . 104 . . . . . . . . 57 Terrain Rammed . | . . . . . . . . . . . . . . . . . . . . . . . . . . . . . . . . Walls Destroyed . | . . . . . . . . . . . . . . . . . . . . . . . . . . . . . . . . Machines Disabled . | . . . . . . . . . . . . . . . . . . . . . . . . . . . . . . . . Actions | -11 -10 -10 -10 -9 -8 -8 -8 -8 -7 -7 -7 -7 -7 -6 -6 -6 -6 -6 -5 -5 -5 -5 -4 -4 -4 -4 -3 -3 -2 -1 -1 --------- Run | Yrd Mat Min Exi Min Mat Gar Mat Sto Fac Low Low Zio Dee Pro Fac Gar Fac DSF Fac Gar Fac DSF Fac Upp Upp War Pro Res Res Acc Com Total 34157 | 78 543 636 216 36 970 586 450 588 4175 638 381 1034 527 594 670 905 328 405 1242 1106 516 238 3076 235 487 849 254 4293 4236 1415 2450 Wait 5091 | . 87 18 . . 75 36 192 237 350 48 23 94 2 355 147 88 266 159 344 252 274 7 246 1 . 6 20 524 491 172 577 Move 27071 | 56 404 550 214 33 755 458 213 316 3643 586 356 902 509 228 486 686 52 183 844 637 220 171 2669 231 480 835 227 3569 3625 1166 1767 Hop 94 | . . . . . . 6 4 3 19 . . . 3 . . . . . . . . . 11 . 1 1 . 11 15 8 12 Pick Up 105 | 2 5 7 1 . 13 3 2 2 9 1 . 1 2 1 1 . 1 2 2 . 2 2 12 . . . . 10 12 7 5 Fast Attach 183 | 5 6 4 . . 10 . 6 11 15 1 . . 2 . 5 1 2 2 4 2 4 17 25 . . 5 2 27 15 2 10 Attach 94 | . 2 4 . . 7 9 1 2 5 . . 3 3 2 1 1 . . 2 2 . 3 13 . 1 . . 15 3 7 8 Detach 39 | 1 1 1 . . 4 . 3 2 5 . . 1 . . 1 1 . . . . . . 7 . . . . 7 . 2 3 Swap 56 | . 2 2 . 3 5 2 . . 7 . 1 . . 1 . . . 1 1 2 . . 1 . . . . 4 11 6 7 Drop 194 | . 4 1 1 . 15 5 1 3 21 . . 5 4 4 7 7 7 9 8 9 9 7 22 . . 2 1 9 21 7 5 Fire 459 | 14 32 30 . . 68 3 . . . . . . . 1 21 70 . 47 33 102 7 25 3 . . . . . . . 3 Melee 512 | . . 18 . . 18 16 28 12 98 1 1 1 2 2 . . . . . . . . 66 3 5 . 4 108 43 38 48 Ram 1 | . . . . . . . . . . . . . . . . . . . . . . . . . . . . 1 . . . Kick 8 | . . . . . . . . . . . . . . . 1 . . 2 4 . . 1 . . . . . . . . . Crush 1 | . . 1 . . . . . . . . . . . . . . . . . . . . . . . . . . . . . Escape Stasis 80 | . . . . . . 34 . . . . . . . . . 10 . . . 22 . 5 1 . . . . 8 . . . Rewire 127 | . . . . . . . . . 3 . . . . . . 41 . . . 78 . . . . . . . . . . 5 Trap . | . . . . . . . . . . . . . . . . . . . . . . . . . . . . . . . . Miscellaneous 42 | . . . . . . 14 . . . 1 . 27 . . . . . . . . . . . . . . . . . . . Route ------- -11/Scrapyard -10/Materials (discovered 4 exits: *Mat x3 / *Min) -10/Mines (discovered 4 exits: *Mat x2 / *Exi / *Sub) -10/Exiles (discovered 2 exits: [*Min x2]) -9/Mines -8/Materials (discovered 4 exits: *Fac x2 / *Sto / Gar) -8/Garrison (discovered 3 exits: *Mat x3) -8/Materials -8/Storage (discovered 2 exits: *Fac / Rec) -7/Factory (discovered 6 exits: *Fac x4 / *Low x2) -7/Lower Caves -7/Lower Caves (discovered 2 exits: *Fac / [*Zio]) -7/Zion (discovered 2 exits: [*Dee] / [*Pro]) -7/Deep Caves -6/Proximity Caves -6/Factory (discovered 4 exits: Fac / Low x2 / Gar) -6/Garrison (discovered 2 exits: *Fac x2) -6/Factory -6/DSF -5/Factory (discovered 3 exits: *Fac / Ext / Gar) -5/Garrison (discovered 3 exits: *Fac x3) -5/Factory -5/DSF -4/Factory (discovered 6 exits: *Res x4 / *Upp x2) -4/Upper Caves -4/Upper Caves (discovered 2 exits: *Res / *War) -4/Warlord -3/Proximity Caves -3/Research (discovered 6 exits: *Res x3 / Arm / *Tes x2) -2/Research (discovered 4 exits: *Acc x2 / [*Qua x2]) -1/Access -1/Command Free Derelict Territories History --------- Turn | Location | Event 8 | -11/Scrapyard | Discovered new exit (range 16) 79 | -11/Scrapyard | Entered Materials 278 | -10/Materials | Discovered new exit (range 8) 311 | -10/Materials | Build established: Mutant 610 | -10/Materials | Discovered new exit (range 9) 697 | -10/Materials | Identified exit to Mines 697 | -10/Materials | Identified exit to Materials 788 | -10/Materials | Loaded intel: 9 trap records 798 | -10/Materials | Learned Recycling recycling unit intel 846 | -10/Materials | Learned location of 2 exits from Subcaves 968 | -10/Materials | Entered Mines 1129 | -10/Mines | Joined a pair of Derelicts in attacking an 0b10 outpost 1268 | -10/Mines | Assembled infested the area 1337 | -10/Mines | Found the Drone Emporium 1344 | -10/Mines | Found Prototype Device 1461 | -10/Mines | Build established: Scavenger-Mutant 1512 | -10/Mines | Core integrity fell below 50% 1603 | -10/Mines | Identified exit to Subcaves 1829 | -10/Mines | Build established: Mutant 2004 | -10/Mines | Deemed a non-threat by the Exiles lab entrance 2004 | -10/Mines | Discovered new exit (range 5) 2011 | -10/Mines | Entered Exiles 2036 | -10/Exiles | Discovered new exit (range 15) 2055 | -10/Exiles | Met 8R-AWN 2078 | -10/Exiles | Met EX-HEX 2122 | -10/Exiles | Met EX-BIN 2142 | -10/Exiles | Aligned with FarCom system 2143 | -10/Exiles | Given EX-Vault access code 2183 | -10/Exiles | Opened EX-Vault 2194 | -10/Exiles | Found 0b10 Alert Chip 2227 | -10/Exiles | Warned to stay clear of 0b10 Research branches 2277 | -10/Exiles | Met EX-DEC 2293 | -10/Exiles | Learned location of Zion (-7) 2338 | -10/Exiles | Discovered new exit (range 14) 2355 | -10/Exiles | Left Exiles lab with 0b10 Alert Chip 2355 | -10/Exiles | Entered Mines 2397 | -9/Mines | Discovered new exit (range 8) 2413 | -9/Mines | Entered Materials 2413 | -8/Materials | Evolved 4 slots: Propulsion x2, Utility x2 2459 | -8/Materials | Identified Bomb Drone Bay 2951 | -8/Materials | Destroyed 7 combat bots 3114 | -8/Materials | Discovered new exit (range 6) 3215 | -8/Materials | Build established: Scavenger-Mutant 3271 | -8/Materials | Discovered new exit (range 16) 3274 | -8/Materials | Discovered new exit (range 16) 3349 | -8/Materials | Identified exit to Garrison 3361 | -8/Materials | Learned 12 Factory zone layouts 3384 | -8/Materials | Entered Garrison 3384 | -8/Garrison | Accompanied by 1 ally 3398 | -8/Garrison | Triggered checkpoint 3416 | -8/Garrison | Garrison Relay disabled 3467 | -8/Garrison | Lost 4 allies 3488 | -8/Garrison | Garrison Relay disabled 3504 | -8/Garrison | Triggered checkpoint 3513 | -8/Garrison | Spotted B-75 Beast 3513 | -8/Garrison | Spotted B-75 Beast 3534 | -8/Garrison | Discovered new exit (range 10) 3540 | -8/Garrison | Triggered checkpoint 3544 | -8/Garrison | Garrison Relay disabled 3571 | -8/Garrison | Triggered checkpoint 3572 | -8/Garrison | Triggered checkpoint 3606 | -8/Garrison | Lost 5 allies 3639 | -8/Garrison | Phase Generator disabled 3640 | -8/Garrison | Core integrity fell below 50% 3646 | -8/Garrison | Discovered new exit (range 10) 3698 | -8/Garrison | Discovered new exit (range 10) 3702 | -8/Garrison | Triggered checkpoint 3716 | -8/Garrison | Garrison Relay disabled 3728 | -8/Garrison | Entered Materials 3742 | -8/Materials | Build established: Sprinter 3762 | -8/Materials | Repaired Particle Gun 3915 | -8/Materials | Core integrity fell below 20% 3933 | -8/Materials | System corruption reached 10% 4075 | -8/Materials | Discovered new exit (range 2) 4075 | -8/Materials | Entered Storage 4076 | -8/Storage | Identified exit to Recycling 4151 | -8/Storage | Repaired Imp. Cesium-ion Thruster 4196 | -8/Storage | Identified exit to Factory 4220 | -8/Storage | Assisted by bots powering up and referring to "LRC-V3" 4450 | -8/Storage | Lost 3 allies 4455 | -8/Storage | Entered Factory 4455 | -7/Factory | Accompanied by 6 allies 4455 | -7/Factory | Evolved 2 slots: Utility x2 4456 | -7/Factory | Identified exit to Lower Caves 4507 | -7/Factory | Build established: Commander-Sprinter 4529 | -7/Factory | Discovered new exit (range 15) 4765 | -7/Factory | Discovered new exit (range 5) 4995 | -7/Factory | Build established: Hacker-Sprinter 5011 | -7/Factory | Identified exit to Factory 5011 | -7/Factory | Fabricated Surge Thruster? 5053 | -7/Factory | Loaded intel: 275 machine locations 5083 | -7/Factory | Learned 4 Upper Caves zone layouts 5104 | -7/Factory | Learned location of 2 exits from Archives 5113 | -7/Factory | Learned location of Warlord (-4) 5114 | -7/Factory | Learned 4 Factory zone layouts 5121 | -7/Factory | Learned Extension stockpile data 5161 | -7/Factory | Learned location of Proximity Caves (-6) 5506 | -7/Factory | Central database locked down 5701 | -7/Factory | Learned 2 Upper Caves zone layouts 5755 | -7/Factory | Learned location of 1 exit from Proximity Caves 5764 | -7/Factory | Fabricated Hacking Suite? 5847 | -7/Factory | Learned 2 Proximity Caves zone layouts 5908 | -7/Factory | Learned location of 2 exits from Archives 6005 | -7/Factory | Fabricated Cld. VTOL Module (x1) 6053 | -7/Factory | Fabricated Cld. VTOL Module (x1) 6087 | -7/Factory | Entered Lower Caves 6120 | -7/Lower Caves | Met a Warlord Commander 6122 | -7/Lower Caves | Warlord Commander delivered Encrypted Comm Array 6123 | -7/Lower Caves | Found Encrypted Comm Array 6141 | -7/Lower Caves | Encountered a Warlord checkpoint 6179 | -7/Lower Caves | Learned Factory interactive machine intel 6185 | -7/Lower Caves | Learned 12 Factory zone layouts 6185 | -7/Lower Caves | Activated DRS Beacon 6250 | -7/Lower Caves | Discovered new exit (range 16) 6294 | -7/Lower Caves | Entered another Lower Caves area 6305 | -7/Lower Caves | Discovered exit to Factory (range 8) 6347 | -7/Lower Caves | Encountered a Warlord checkpoint 6410 | -7/Lower Caves | Attracted the attention of an 0b10 checkpoint 6411 | -7/Lower Caves | Discovered new exit (range 15) 6415 | -7/Lower Caves | Entered Zion 6448 | -7/Zion | Discovered new exit (range 16) 6452 | -7/Zion | System corruption cleaned by Quarantine Array 6480 | -7/Zion | Learned 4 Factory zone layouts 6484 | -7/Zion | Given the Hacking Drone Bay 6494 | -7/Zion | Found CR-A16's Pointy Stick 6712 | -7/Zion | Gained Derelict followers 6772 | -7/Zion | Discovered new exit (range 3) 6772 | -7/Zion | Saw the warning signs outside the Deep Caves entrance 6834 | -7/Zion | Entered Deep Caves 6834 | -7/Deep Caves | Accompanied by 3 allies 6916 | -7/Deep Caves | Found Surveybot 24 Chip 6917 | -7/Deep Caves | Found Surveybot 24 Scanner 6918 | -7/Deep Caves | Attacked by Z-Imprinter 6927 | -7/Deep Caves | Spotted AG-68006 6930 | -7/Deep Caves | Triggered Deep Caves wall 6930 | -7/Deep Caves | Exposed GOLEM chamber 6932 | -7/Deep Caves | Found GOLEM Unit 6939 | -7/Deep Caves | Spotted AS-59782 6953 | -7/Deep Caves | Core integrity fell below 50% 6968 | -7/Deep Caves | Lost 4 parts (1p2n1u) 6971 | -7/Deep Caves | Discovered new exit (range 7) 6973 | -7/Deep Caves | Entered Proximity Caves 7600 | -6/Proximity Caves | Acquired the password to a Derelict Tinkerer's latest research 7608 | -6/Proximity Caves | Found Prototype Special Weapon 7619 | -6/Proximity Caves | Build established: Golem 7619 | -6/Proximity Caves | Entered Factory 7619 | -6/Factory | Evolved 2 slots: Power x1, Utility x1 7620 | -6/Factory | Identified exit to Lower Caves 7621 | -6/Factory | Identified exit to Factory 7622 | -6/Factory | Loaded intel: 54 interactive machine locations 7819 | -6/Factory | Repaired Imp. Utility Shielding 8541 | -6/Factory | Identified exit to Garrison 8541 | -6/Factory | Entered Garrison 8560 | -6/Garrison | Phase Generator disabled 8829 | -6/Garrison | Triggered checkpoint 8862 | -6/Garrison | Garrison Relay disabled 8875 | -6/Garrison | Triggered checkpoint 8914 | -6/Garrison | Triggered checkpoint 8920 | -6/Garrison | Triggered checkpoint 8949 | -6/Garrison | Triggered checkpoint 8965 | -6/Garrison | Triggered checkpoint 9012 | -6/Garrison | Lost 3 allies 9097 | -6/Garrison | Garrison Relay disabled 9100 | -6/Garrison | Garrison Relay disabled 9103 | -6/Garrison | Garrison Relay disabled 9103 | -6/Garrison | Garrison Relay disabled 9140 | -6/Garrison | Discovered new exit (range 5) 9191 | -6/Garrison | Triggered checkpoint 9217 | -6/Garrison | Garrison Relay disabled 9404 | -6/Garrison | Discovered new exit (range 9) 9446 | -6/Garrison | Triggered checkpoint 9494 | -6/Garrison | Garrison Relay disabled 9767 | -6/Garrison | Triggered checkpoint 9784 | -6/Garrison | Spotted Executioner 9786 | -6/Garrison | Spotted Executioner 9876 | -6/Garrison | Entered Factory 10167 | -6/Factory | Identified exit to DSF 10221 | -6/Factory | Entered DSF 10256 | -6/DSF | Additional patrols routed to DSF 10446 | -6/DSF | Discovered exit to Factory (range 11) 10689 | -6/DSF | Sterilization system engaged 10709 | -6/DSF | Ambient heat levels rising (+10) 10724 | -6/DSF | Ambient heat levels rising (+10) 10739 | -6/DSF | Ambient heat levels rising (+10) 10754 | -6/DSF | Ambient heat levels rising (+10) 10769 | -6/DSF | Ambient heat levels rising (+10) 10784 | -6/DSF | Ambient heat levels rising (+10) 10799 | -6/DSF | Ambient heat levels rising (+10) 10800 | -6/DSF | Entered Factory 10800 | -5/Factory | Evolved 2 slots: Utility x2 10801 | -5/Factory | Identified exit to Extension 12018 | -5/Factory | Discovered new exit (range 7) 12090 | -5/Factory | Fabricated Imp. Utility Shielding (x2) 12123 | -5/Factory | Cargo convoy interrupted 12142 | -5/Factory | Spotted B-75 Beast 12422 | -5/Factory | Identified exit to Garrison 12422 | -5/Factory | Entered Garrison 12444 | -5/Garrison | Garrison Relay disabled 12608 | -5/Garrison | Triggered checkpoint 12718 | -5/Garrison | Spotted B-75 Beast 12731 | -5/Garrison | Destroyed B-75 Beast 12834 | -5/Garrison | Triggered checkpoint 12889 | -5/Garrison | Spotted B-75 Beast 12932 | -5/Garrison | Destroyed B-75 Beast 13043 | -5/Garrison | Rewired B-75 Beast 13069 | -5/Garrison | Rewired B-86 Titan 13128 | -5/Garrison | Triggered checkpoint 13174 | -5/Garrison | Garrison Relay disabled 13238 | -5/Garrison | Discovered new exit (range 10) 13328 | -5/Garrison | Triggered checkpoint 13416 | -5/Garrison | Triggered checkpoint 13456 | -5/Garrison | Garrison Relay disabled 13578 | -5/Garrison | Discovered new exit (range 10) 13672 | -5/Garrison | Triggered checkpoint 13761 | -5/Garrison | Phase Generator disabled 13815 | -5/Garrison | Spotted B-75 Beast 13820 | -5/Garrison | Triggered checkpoint 13830 | -5/Garrison | Destroyed B-75 Beast 13858 | -5/Garrison | Triggered checkpoint 13913 | -5/Garrison | Garrison Relay disabled 13929 | -5/Garrison | Destroyed 8 combat bots 14013 | -5/Garrison | Garrison Relay disabled 14046 | -5/Garrison | Triggered checkpoint 14067 | -5/Garrison | Discovered new exit (range 13) 14086 | -5/Garrison | Entered Factory 14697 | -5/Factory | Identified exit to DSF 14697 | -5/Factory | Entered DSF 14737 | -5/DSF | Additional patrols routed to DSF 14808 | -5/DSF | Core integrity fell below 50% 14841 | -5/DSF | Lost 13 parts (1p5n5u2w) 14862 | -5/DSF | Discovered new exit (range 11) 14882 | -5/DSF | Core integrity fell below 20% 14895 | -5/DSF | Sterilization system engaged 14902 | -5/DSF | Destroyed 9 combat bots 14915 | -5/DSF | Ambient heat levels rising (+10) 14925 | -5/DSF | Entered Factory 14925 | -4/Factory | Evolved 2 slots: Utility x2 14955 | -4/Factory | Lost 4 parts (1n1u2w) 14978 | -4/Factory | Found Quantum Capacitor 15094 | -4/Factory | Build established: Mutant 15429 | -4/Factory | Fabricated Imp. Propulsion Shielding (x2) 15482 | -4/Factory | Repaired Imp. Power Shielding 15622 | -4/Factory | Build established: Scout 15639 | -4/Factory | Spotted B-86 Titan 15684 | -4/Factory | Discovered new exit (range 8) 15702 | -4/Factory | Found Prototype Hackware 15862 | -4/Factory | Discovered new exit (range 15) 15918 | -4/Factory | Loaded intel: 4 scanalyzer locations 15925 | -4/Factory | Search patrols dispatched 15953 | -4/Factory | Identified Exp. Hacking Suite 15974 | -4/Factory | Identified exit to Research 15987 | -4/Factory | Learned Quarantine scanalyzer intel 15990 | -4/Factory | Learned location of 1 exit from Testing 15991 | -4/Factory | Learned Research repair station intel 16002 | -4/Factory | Learned Testing trap positions 16027 | -4/Factory | Found Powered Armor 16154 | -4/Factory | Repaired Mic. Fission Core 16183 | -4/Factory | Identified exit to Upper Caves 16386 | -4/Factory | Build established: Hacker-Scout 16508 | -4/Factory | Entered Upper Caves 16598 | -4/Upper Caves | Discovered new exit (range 13) 16602 | -4/Upper Caves | Entered another Upper Caves area 16668 | -4/Upper Caves | Learned location of Armory (-3) 16671 | -4/Upper Caves | Attacked by a delusional Derelict stockpiling Unaware 16701 | -4/Upper Caves | Discovered exit to Research (range 5) 16792 | -4/Upper Caves | Discovered new exit (range 7) 16794 | -4/Upper Caves | Encountered a Warlord checkpoint 16794 | -4/Upper Caves | Entered Warlord 16806 | -4/Warlord | Build established: Hacker-Mutant 16976 | -4/Warlord | Warlord's base attacked by MAIN.C 16987 | -4/Warlord | Met Warlord 17021 | -4/Warlord | Found Prototype Energy Gun 17021 | -4/Warlord | Identified Vortex Shotgun 17090 | -4/Warlord | Opened side exit 17114 | -4/Warlord | Discovered new exit (range 14) 17119 | -4/Warlord | Entered Proximity Caves 17224 | -3/Proximity Caves | Discovered exit to Research (range 7) 17235 | -3/Proximity Caves | Entered Research 17235 | -3/Research | Evolved 2 slots: Propulsion x2 17236 | -3/Research | Loaded intel: 4 repair station locations 17377 | -3/Research | Spotted B-86 Titan 17537 | -3/Research | Lost 5 parts (1p1n3u) 17617 | -3/Research | Spotted B-86 Titan 17637 | -3/Research | Revealed the true nature of CR-A16's Pointy Stick 17637 | -3/Research | Destroyed B-86 Titan 17709 | -3/Research | Fabricated Exp. Q-thruster (x1) 17789 | -3/Research | Fabricated Imp. Surge Thruster (x2) 17823 | -3/Research | Discovered new exit (range 10) 17920 | -3/Research | Discovered new exit (range 15) 17945 | -3/Research | Build established: Hacker-Scout 17956 | -3/Research | Fabricated Imp. Surge Thruster (x2) 18026 | -3/Research | Fabricated Exp. Hacking Suite (x1) 18049 | -3/Research | Fabricated Imp. Utility Shielding (x2) 18084 | -3/Research | Discovered new exit (range 4) 18095 | -3/Research | Identified exit to Testing 18116 | -3/Research | Discovered exit to Testing (range 15) 18120 | -3/Research | Identified exit to Research 18189 | -3/Research | Repaired Imp. Surge Thruster 18191 | -3/Research | Learned Quarantine emergency access door positions 18253 | -3/Research | Learned Testing emergency access door positions 18306 | -3/Research | Identified exit to Armory 18368 | -3/Research | Central database locked down 18428 | -3/Research | Learned Testing stockpile data 18437 | -3/Research | Spotted B-86 Titan 18438 | -3/Research | Destroyed B-86 Titan 18482 | -3/Research | Core integrity fell below 50% 18500 | -3/Research | Fabricated C-57 Dissector? 18538 | -3/Research | Destroyed B-86 Titan 18541 | -3/Research | Lost 3 allies 18570 | -3/Research | Build established: Wizard-Scout 18878 | -3/Research | Entered another Research area 18878 | -2/Research | Warlord forces began assault on 0b10 18878 | -2/Research | Evolved 2 slots: Propulsion x2 18879 | -2/Research | Identified exit to Access 18903 | -2/Research | Distinguished unit "Smaug Mourners" dispatched to help 18903 | -2/Research | Distinguished unit "Bridgeowners Association" dispatched to help 18934 | -2/Research | Discovered new exit (range 12) 18936 | -2/Research | Spotted B-90 Cyclops 18938 | -2/Research | Destroyed B-90 Cyclops 18988 | -2/Research | Research machine network offline 19000 | -2/Research | Fabricated Exp. Q-thruster? 19040 | -2/Research | Met up with Warlord 19065 | -2/Research | Lost 4 allies 19100 | -2/Research | Spotted B-90 Cyclops 19112 | -2/Research | Discovered new exit (range 17) 19112 | -2/Research | Spotted B-90 Cyclops 19113 | -2/Research | Destroyed B-90 Cyclops 19331 | -2/Research | Borebot progress halted 19385 | -2/Research | Build established: Hacker-Scout 19480 | -2/Research | Borebot progress halted 19536 | -2/Research | Discovered exit to Access (range 7) 19586 | -2/Research | Spotted B-90 Cyclops 19586 | -2/Research | Destroyed B-90 Cyclops 19759 | -2/Research | Borebot progress halted 19802 | -2/Research | Spotted Striker 19882 | -2/Research | Warlord invited to help at Command 19882 | -2/Research | Given Cave Seal Controls access code 19941 | -2/Research | Spotted Striker 19941 | -2/Research | Entered Access 19941 | -1/Access | Evolved 2 slots: Utility x2 19957 | -1/Access | Spotted B-99 Colossus 19958 | -1/Access | Destroyed B-99 Colossus 20237 | -1/Access | Build established: Wizard-Scout 20359 | -1/Access | Discovered new exit (range 8) 20360 | -1/Access | Entered Command 20380 | -1/Command | Phase Generator disabled 20385 | -1/Command | Lost 5 parts (2p2n1u) 20390 | -1/Command | Disengaged cave seal 20390 | -1/Command | Derelicts emerged from the dark tunnel 20390 | -1/Command | Welcomed Warlord to Command 20751 | -1/Command | Found Prototype Device 20751 | -1/Command | Identified Exp. Transmission Jammer 20843 | -1/Command | Spotted B-99 Colossus 20846 | -1/Command | Destroyed B-99 Colossus 20863 | -1/Command | Disengaged cave seal 20863 | -1/Command | Derelicts emerged from the dark tunnel 20864 | -1/Command | P-80 Master assimilated allied L8-QN6(i) 20870 | -1/Command | Build established: Hacker-Scout 20935 | -1/Command | Lost 3 parts (1n2u) 20937 | -1/Command | Lost 8 allies 21142 | -1/Command | Spotted M Guard 21142 | -1/Command | Spotted M Guard 21142 | -1/Command | Spotted Combat Programmer 21142 | -1/Command | Spotted Combat Programmer 21153 | -1/Command | Spotted ML-EBB(L) 21179 | -1/Command | Warlord commented on Warlord statues 21193 | -1/Command | All MAIN.C guards destroyed 21220 | -1/Command | Lost 8 parts (3n5u) 21222 | -1/Command | Lost 19 allies 21275 | -1/Command | Met MAIN.C 21275 | -1/Command | 0b10 Conduit disabled 21311 | -1/Command | MAIN.C activated Command garrisons 21350 | *** | Establishing Free Derelict Territories! Last Messages --------------- 21340_ Blast Slug penetrates NQ-7NZ(K). 21340_ K8-ZFV(K) destroyed. 21341_ HV Slug penetrates NQ-7NZ(K). 21341_ NQ-7NZ(K) suffers critical hit (Destroy). 21341_ HV Slug penetrates MAIN.C. 21343_ MAIN.C suffers critical hit (Destroy). 21348_ Slug penetrates MAIN.C. 21348_ MAIN.C knocked back. 21349_ MAIN.C: "I hope you know you're still going to DIE HERE WITH ME!" Heavy Barrier opened. 21349_ MAIN.C destroyed. 21349_ Lgt. Antimatter Reactor destroyed. 21349_ Blast Slug penetrates Reinforced Barrier. ZY-L1N: Victory! Sure there's still lots to do, but without MAIN.C at the helm 0b10 doesn't stand a chance. We've got this... Map ----- +----------------------------------------------------+ | ?????????????????????????????????????????????????? | | ?????????????????????????????????????????????????? | | ?????????????????????????????????????????????????? | | ?????????????????????????????????????????????????? | | ?????????????????????????????????????????????????? | | ?????????????????????????????????????????????????? | | ?????????????????????????????????????????????????? | | ?????????????????????????????????????????????????? | | ?????????????????????????????????????????????????? | | ??????????????????????????######################?? | | ??????????????????????????######################?? | | ???????????????????????##""""""" """" ##?? | | ???????????????????????##"" "" #### | | ???????????????????????##""""" "" ! #### | | ???????????????????????##""""""" "" [!=/ | | ???????????????????????##" " "" =%=/ | | ???????????????????????##"" """"" % *!!/% | | ???????????????????????##"" """""" %= #### | | ???????????????????????## """"" =%%%% %% #### | | ???????????????????????## " m ! % = ##?? | | ???????????????????????## " g M M % ##?? | | ???????????????????????##" M BB % """##?? | | ???????????????????????## K MBB h " """##?? | | ???????????????????????## h MK """"""""##?? | | ???????????????????????## W " " " " ##?? | | ???????????????????????##@ " " " ##?? | | ??????????????????????? K " " " """" " ##?? | | ????????????????????? """ " " """" ##?? | | ??????????????????? " " " " ##?? | | ????????????????? ;#### """""""""" " ##?? | | ??????????????? ##### " """ " """"""""##?? | | ????????????? ????## """ " " "??????? | | ???????????? ?????##################????????? | | ????????????? ??????##################????????? | | ????????????? ?????????????????????????????????? | | ??????????????"??????????????????????????????????? | | ?????????????????????????????????????????????????? | | ?????????????????????????????????????????????????? | | ?????????????????????????????????????????????????? | | ?????????????????????????????????????????????????? | | ?????????????????????????????????????????????????? | | ?????????????????????????????????????????????????? | | ?????????????????????????????????????????????????? | | ?????????????????????????????????????????????????? | | ?????????????????????????????????????????????????? | | ?????????????????????????????????????????????????? | | ?????????????????????????????????????????????????? | | ?????????????????????????????????????????????????? | | ?????????????????????????????????????????????????? | | ?????????????????????????????????????????????????? | +----------------------------------------------------+ Best States ------------- Heat Dissipation 121 Energy Generation 69 Energy Capacity 1400 Matter Stores 300 Matter Capacity 300 Sight Range 23 Terrain Scan Range 24 Terrain Scan Density 2010 Jamming Range 14 Cloak Strength 2 Power Amplification 60 Additional Mass Support 20 Base Temperature (-) 200 Armor Coverage 400 Resistance: KI 15 Resistance: TH 15 Resistance: EX 15 Resistance: EM 15 Resistance: I 15 Resistance: S 15 Resistance: P 15 Power Shielding 66 Propulsion Shielding 66 Utility Shielding 66 Point Defense Rating 240 Melee Speed Boost 40 Evasion (%) 75 Targeting Accuracy 20 Melee Accuracy 8 Target Analysis 5 Recoil Reduction 4 Particle Charging 15 Offensive Hacking 32 Defensive Hacking 33 Authchip Count 3 Item Schematics ----------------- Imp. Propulsion Shielding | -8/Materials | Hacked Surge Thruster | -8/Materials | Scanalyzed Cmb. Airjet | -8/Materials | Scanalyzed Hacking Suite | -8/Storage | Hacked Imp. Utility Shielding | -7/Factory | Hacked Cld. VTOL Module | -7/Factory | Scanalyzed Med. Reactive Plating | -7/Zion | Archive Imp. Thermal Generator | -7/Zion | Archive Flak Gun | -7/Zion | Archive Focal Shield | -7/Zion | Archive Corruption Screen | -7/Zion | Archive Cloaking Device | -7/Zion | Archive Hvy. Missile Launcher | -7/Zion | Archive Enh. Gauss Cannon | -7/Zion | Archive Imp. Shock Absorption System | -7/Zion | Archive Adv. ECM Suite | -7/Zion | Archive Phase Cannon | -7/Zion | Archive Arc Projector | -7/Zion | Archive Adv. Terrain Scanner | -7/Zion | Archive Imp. Surge Thruster | -4/Factory | Scanalyzed Exp. Q-thruster | -4/Factory | Downloaded Exp. Hacking Suite | -4/Factory | Scanalyzed Adv. EM Disruption Field | -3/Research | Scanalyzed Robot Schematics ------------------ A-02 Transporter | -7/Zion | Archive S-27 Virus | -7/Zion | Archive L-31 Rogue | -7/Zion | Archive C-57 Dissector | -7/Zion | Archive Fabricated ------------ Surge Thruster | x2 | -7/Factory | Authchip Hacking Suite | x1 | -7/Factory | Authchip Cld. VTOL Module | x1 | -7/Factory | Authchip Cld. VTOL Module | x1 | -7/Factory | Authchip Imp. Utility Shielding | x2 | -5/Factory | Authchip Imp. Propulsion Shielding | x2 | -4/Factory | Authchip Exp. Q-thruster | x1 | -3/Research | Authchip Imp. Surge Thruster | x2 | -3/Research | Authchip Imp. Surge Thruster | x2 | -3/Research | Authchip Exp. Hacking Suite | x1 | -3/Research | Authchip Imp. Utility Shielding | x2 | -3/Research | Authchip C-57 Dissector | x3 | -3/Research Exp. Q-thruster | x1 | -2/Research | Authchip Repaired ---------- Particle Gun | 10% | -8/Materials Imp. Cesium-ion Thruster | 18% | -8/Storage Imp. Utility Shielding | 32% | -6/Factory Imp. Power Shielding | 28% | -4/Factory Mic. Fission Core | 28% | -4/Factory Imp. Surge Thruster | 42% | -3/Research Alien Tech Used ----------------- None Achievements -------------- None Challenges ------------ None Game ------ Seed SensorConceptSuit Manual? 0 Play Time 06:03:40 Cumulative 332.0 hours Start 2025.07.10 @ 12:16:25 End 2025.07.11 @ 11:57:38 Sessions 9 Manual Loads 0 Difficulty Rogue Special Mode None Game No. 161 Rogue 161 Adventurer 0 Explorer 0 Win Type 7 Total 23 Types 8/1/5/1/5/1/0/1/0/1 Lore% 89 Gallery% 78 Achievement% 76 Wizard Run 0 Options --------- Layout 1 ASCII 0 Keyboard 0 Movement Numpad Keybinds 0 Fullscreen 1 Font 24/Smallcaps Map View 50x35 Zoom Use 0% Tactical HUD 1 Map Filters NONE Filters NONE Steam 1 RUN: 85badaed-a5bc-416d-8fea-de02550562a1